 Dungeon Crawl Stone Soup version 0.30.1 (webtiles) character file.

Game seed: 12821353401233080339

1292602 cdecastro the Ninja (level 27, -15/284 (296) HPs)
             Began as a Djinni Ice Elementalist on July 3, 2023.
             Was an Elder of Ashenzari.
             Killed by a royal mummy's death curse (19 damage)
             ... on level 17 of a ziggurat on July 5, 2023.
             The game lasted 10:54:54 (106694 turns).

cdecastro the Ninja (Djinni Ice Elementalist)     Turns: 106694, Time: 10:54:55

HP:   -15/284 (296) AC: 45    Str: 13      XL:     27
Gold: 9802          EV: 40    Int: 27      God:    Ashenzari [****..] SH: 23 Dex: 27 (29)

rFire   + + +        a - +7 eudemon blade (holy)
rCold   + . .        U - +2 kite shield of the Chained Sage {AC+3, Self, Melee} (curse)
rNeg    + . .        S - melded +4 troll leather armour "Shattered With Me" {Regen+, Snorg, Cun, Self} (curse)
rPois   ∞            x - +2 helmet of the Shattered Regret {Int+3, Self, Fort} (curse)
rElec   +            Z - +1 cloak "Biuti" {Slay+5}
rCorr   +            h - melded +2 pair of gloves of the Revealing Elitism {Dex+3, Evo, Self} (curse)
SInv    +            (boots unavailable)
Will    +++..        T - amulet of Vitality {RegenMP++ Regen++, Fort, Self} (curse)
Stlth   ++++++++++   R - ring of Supernal Gnosis {rC++ Will+ Int-2 Dex+8, Self, Evo} (curse)
HPRegen 2.27/turn    H - ring of Xuxut {rCorr Str+6 Dex+2 Slay+2}
MPRegen 0.00/turn

%: clarity, infuse magic (-16 HP)
@: statue-form, flying, slowed, studying Short Blades, lightly drained, very
slow
A: slow and powerful, torment resistance 1, flying, boosted hp, sickness
immunity, fire resistance 3, cold vulnerability 1, float, innate caster, HP
casting, extra vitality 1, (iridescent scales 1), berserk 1, passive freeze,
screaming 1, wild magic 1
}: 14/15 runes: decaying, serpentine, slimy, silver, iron, obsidian, icy, bone,
abyssal, demonic, glowing, magical, fiery, dark
a: End Transformation, Renounce Religion, Shatter the Chains


You were on level 17 of a ziggurat.
You worshipped Ashenzari.
Ashenzari was greatly pleased with you.
You were a living statue of rough stone.
You visited 18 branches of the dungeon, and saw 86 of its levels.
You visited Pandemonium 3 times, and saw 20 of its levels.
You visited the Abyss 4 times.
You visited 1 bazaar.
You visited 1 ziggurat, and saw 17 of its levels.
You also visited: Trove, Ice Cave, Wizlab and Desolation.

You collected 16288 gold pieces.
You spent 6486 gold pieces at shops.

Inventory:

Hand Weapons
 a - a +7 eudemon blade of holy wrath (weapon)
 b - a +9 demon blade of freezing
 c - the +8 dagger of Behuhuen {venom, rF+ Str+2 SInv}
   (You found it on level 7 of Gehenna)

   Str:       It affects your strength (+2).
   rF:        It protects you from fire.
   SInv:      It lets you see invisible.
 d - a +8 heavy double sword
 A - the +2 Maxwell's thermic engine {flame, freeze, rev}
   (You found it on level 7 of the Iron City of Dis)
 J - a +9 antimagic demon blade
Armour
 h - the cursed +2 pair of gloves of the Revealing Elitism (melded) {Dex+3, Evo, Self}
   (You bought it in a shop on level 1 of the Vaults)

   It has a curse which improves the following skills: Evocations: Evocations.
   Introspection: Fighting and Spellcasting.
 x - the cursed +2 helmet of the Shattered Regret (worn) {Int+3, Self, Fort}
   (You found it on level 5 of the Realm of Zot)

   It has a curse which improves the following skills: Introspection: Fighting
   and Spellcasting.
   Fortitude: Armour and Shields.
 E - a +0 cloak of preservation
 S - the cursed +4 troll leather armour "Shattered With Me" (melded) {Regen+, Snorg, Cun, Self}
   (You found it on level 11 of the Dungeon)

   Regen:     It increases your rate of health regeneration.
   It has a curse which improves the following skills: Cunning: Dodging and
   Stealth.
   Introspection: Fighting and Spellcasting.
 U - the cursed +2 kite shield of the Chained Sage (worn) {AC+3, Self, Melee}
   (You took it off a naga warrior on level 2 of the Snake Pit)

   It has a curse which improves the following skills: Introspection: Fighting
   and Spellcasting.
   Melee Combat: Short Blades, Long Blades, Axes, Maces & Flails, Polearms,
   Staves and Unarmed Combat.
 Z - the +1 cloak "Biuti" (worn) {Slay+5}
   (You acquired it on level 15 of a ziggurat)

   Slay:      It affects your accuracy & damage with ranged weapons and melee
   (+5).
Magical Staves
 e - the staff of fire "Xeapiyl" {rElec rF+ rCorr MP-9 Dex+6}
   (You found it on level 3 of the Depths)

   [staff of fire]

   Your inability to study Fire Magic prevents you from drawing on the full
   power of this staff in melee.
   Base accuracy: +5 Base damage: 5 Base attack delay: 1.2 This weapon's minimum
   attack delay (0.6) is reached at skill level 12.
   Dex:       It affects your dexterity (+6).
   rF:        It protects you from fire.
   rElec:     It insulates you from electricity.
   MP:        It affects your magic capacity (-9).
   rCorr:     It protects you from acid and corrosion.
   It falls into the 'Staves' category.
   It is a one-handed weapon.
 f - a staff of air
Jewellery
 D - the ring "Cupoun" {rPois rF+ AC+4 Int+7 Dex-4}
   (You took it off a fenstrider witch on level 2 of the Swamp)

   [ring of protection]

   AC:        It affects your AC (+4).
   Int:       It affects your intelligence (+7).
   Dex:       It affects your dexterity (-4).
   rF:        It protects you from fire.
   rPois:     It protects you from poison.
 F - the ring of Hovub {rPois rC++ AC+4 Str+2 Dex+3}
   (You found it in a treasure trove)

   [ring of protection]

   AC:        It affects your AC (+4).
   Str:       It affects your strength (+2).
   Dex:       It affects your dexterity (+3).
   rC:        It greatly protects you from cold.
   rPois:     It protects you from poison.
 H - the ring of Xuxut (right fist) {rCorr Str+6 Dex+2 Slay+2}
   (You took it off a deep elf knight on level 3 of the Elven Halls)

   [ring of strength]

   Str:       It affects your strength (+6).
   Dex:       It affects your dexterity (+2).
   Slay:      It affects your accuracy & damage with ranged weapons and melee
   (+2).
   rCorr:     It protects you from acid and corrosion.
 M - an amulet of reflection
 R - the cursed ring of Supernal Gnosis (left fist) {rC++ Will+ Int-2 Dex+8, Self, Evo}
   (You bought it in a shop on level 8 of the Dungeon)

   [ring of willpower]

   Int:       It affects your intelligence (-2).
   Dex:       It affects your dexterity (+8).
   rC:        It greatly protects you from cold.
   Will:      It increases your willpower.
   It has a curse which improves the following skills: Introspection: Fighting
   and Spellcasting.
   Evocations: Evocations.
 T - the cursed amulet of Vitality (around neck) {RegenMP++ Regen++, Fort, Self}
   (You found it on level 11 of the Dungeon)

   [amulet of magic regeneration]

   It increases your rate of magic regeneration.
   Regen:     It increases your rate of health regeneration.
   It has a curse which improves the following skills: Fortitude: Armour and
   Shields.
   Introspection: Fighting and Spellcasting.
Wands
 u - a wand of roots (112)
 y - a wand of polymorph (75)
 G - a wand of quicksilver (72)
 K - a wand of charming (131)
 N - a wand of digging (35)
 V - a wand of flame (171)
 X - a wand of mindburst (164)
Scrolls
 i - 13 scrolls of poison
 n - 45 scrolls of teleportation
 o - 4 scrolls of enchant armour
 p - 16 scrolls of fog
 q - 7 scrolls of immolation
 t - 12 scrolls of silence
 w - 10 scrolls of summoning
 z - 9 scrolls of fear
 C - 20 scrolls of blinking
 P - 13 scrolls of magic mapping
 W - 6 scrolls of torment
Potions
 g - 12 potions of mutation
 j - 9 potions of might
 k - 8 potions of haste
 l - 15 potions of lignification
 m - 7 potions of resistance
 v - 7 potions of invisibility
 I - 6 potions of cancellation
 L - 20 potions of heal wounds
 Q - 11 potions of brilliance
 Y - 10 potions of berserk rage
Miscellaneous
 r - a lightning rod (4/4)
 s - a phial of floods
 B - a phantom mirror
 O - a box of beasts


   Skills:
 + Level 25.0(27) Fighting
 - Level 25.0(26.5) Long Blades
 - Level 24.8(27) Armour
 O Level 27 Dodging
 O Level 27 Stealth
 - Level 25.2(27) Shields
 + Level 23.4(27) Spellcasting
 - Level 25.3(26.7) Evocations


You knew the following spells:

 Your Spells              Type           Power      Damage    Failure   Level
a - Freeze                Ice            100%       1d10      1%          1
b - Frozen Ramparts       Ice            100%       1d16      1%          3
c - Ozocubu's Armour      Ice            100%       N/A       1%          3
d - Summon Ice Beast      Ice/Summ       100%       N/A       1%          4
e - Sandblast             Erth           100%       2d20      1%          1
f - Momentum Strike       Conj/Tloc      100%       3d10      1%          2
g - Searing Ray           Conj           100%       2d8       1%          2
h - Swiftness             Air            100%       N/A       1%          3
i - Blade Hands           Tmut           63%        N/A       1%          5
j - Borgnjor's Vile Clut  Necr/Erth      63%        N/A       1%          5
k - Starburst             Conj/Fire      63%        6d17      1%          6
l - Statue Form           Tmut/Erth      84%        N/A       1%          6
m - Eringya's Noxious Bo  Tmut/Pois      63%        N/A       1%          6
n - Ignition              Fire           63%        3d17      1%          8
o - Borgnjor's Revivific  Necr           63%        N/A       1%          8
p - Summon Horrible Thin  Summ           63%        N/A       1%          8
q - Chain Lightning       Conj/Air       63%        3d84      2%          9
Your spell library was empty.

Dungeon Overview and Level Annotations

Branches:
Dungeon (15/15)            Temple (1/1) D:4            Lair (5/5) D:8
  Swamp (4/4) Lair:3        Snake (4/4) Lair:3        Slime (5/5) Lair:4
    Orc (2/2) D:11            Elf (3/3) Orc:2        Vaults (5/5) D:13
  Crypt (3/3) Vaults:2       Tomb (1/3) Crypt:3      Depths (4/4) D:15
   Hell (visited)             Dis (7/7) Hell            Geh (7/7) Hell
    Coc (7/7) Hell            Tar (7/7) Hell            Zot (5/5) Depths:4
  IceCv (visited)          WizLab (visited)         Desolation (visited)

Altars:
Ashenzari
Cheibriados
Dithmenos
Elyvilon
Fedhas
Gozag
Hepliaklqana
Makhleb
Nemelex Xobeh
Okawaru
Qazlal
Ru
Trog
Uskayaw
Wu Jian
Xom
Yredelemnul
Zin
The Shining One
Jiyva

Shops:
D:7 *   D:8 =   D:13 !   D:15 *   Orc:2 (([[   Elf:1 =[:*   Elf:2 *=?   Elf:3 :
Snake:3 *   Vaults:1 *   Vaults:5 ?   Zot:5 *   Depths:1 :   Depths:3 !
Depths:4 *

Portals:
Hell: Depths:1 Depths:2 Depths:3 Depths:4
Abyss: Depths:1 Depths:2 Depths:3
Pandemonium: Depths:2

Annotations:
Zot:4 2 transporters, Foeroudum's ghost, master MfBe
Zig:17 exclusion: 2 oklob plants


Innate Abilities, Weirdness & Mutations

You are a living statue of rough stone.
Your actions are slow, but your melee attacks are powerful.
You are resistant to unholy torment.
You are flying.
Your maximum health is greatly increased.
Your equipment is partially melded.
You are immune to sickness and miasma.
You are immune to poison.
Your flesh is almost immune to the effects of heat. (rF+++)
You are vulnerable to cold. (rC-)
You float through the air rather than walking.
You learn spells naturally, not from books.
Your magical power is your life essence.
You have superior vitality. (+4 MHP)
((You are partially covered in iridescent scales. (AC +2)))
You sometimes lose your temper in combat.
A frigid envelope surrounds you and freezes all who hurt you.
You occasionally shout uncontrollably at your foes.
Your spells are a little harder to cast, but a little more powerful.


Message History

The fireball engulfs the bennu.
The bennu completely resists.
The bennu is almost dead.
The fireball engulfs the guardian mummy!!
You destroy the guardian mummy!
You feel a bit more experienced.
The fireball engulfs the guardian mummy!
The guardian mummy is severely damaged.
The fireball engulfs the bennu.
The bennu completely resists.
The bennu is almost dead.
The fireball engulfs the shadow dragon zombie!!
The shadow dragon zombie is heavily damaged.
The fireball engulfs the guardian mummy!!!
You destroy the guardian mummy!
You feel a bit more experienced.
The fireball engulfs the bennu.
The bennu completely resists.
The bennu is almost dead.
The fireball engulfs the shadow dragon zombie!!
The shadow dragon zombie is severely damaged.
* * * LOW HITPOINT WARNING * * *
You feel extremely nervous for a moment...
Your body is wracked with pain!
* * * LOW HITPOINT WARNING * * *
You feel extremely nervous for a moment...
You feel horribly lethargic.
You feel yourself slow down.
You feel extremely nervous for a moment...
You sense a malignant aura.
You feel extremely nervous for a moment...
You are engulfed in negative energy!
You partially resist.
You feel drained.
You feel extremely nervous for a moment...
Pain shoots through your body!
* * * LOW HITPOINT WARNING * * *
You feel extremely nervous for a moment...
Pain shoots through your body!
* * * LOW HITPOINT WARNING * * *
You feel extremely nervous for a moment...
Pain shoots through your body!
* * * LOW HITPOINT WARNING * * *
You feel extremely nervous for a moment...
Pain shoots through your body!!
You die...

▓............ ,
▓............ ,
▓▓.......†.... ,
▓..∩..........,,,, ,
▓▓............, ,, ,
▓....§.......,,
,,,,, ▓..§.§.......
, ,, ▓...§§...Z...,
, ,,
▓...8.§.......MZM..
▓▓.§§§§b.§§.M..M..P
▓▓.§§§.§sM.s......,,
▓.s§.M§.....M...P
▓▓s§§sM..Z.M..... ,
▓▓.s.s§§M.......
▓▓s...M.......,
▓....B...... *
▓▓▓▓▓▓.▓▓▓▓▓*


You could see a bennu and a shadow dragon zombie.

Vanquished Creatures
  Cerebov (Pan)
  Antaeus (Coc:7)
  the Royal Jelly (Slime:5)
  Asmodeus (Geh:7)
  Ignacio (Pan)
  Ereshkigal (Tar:7)
  Lom Lobon (Pan)
  Mnoleg (Pan)
  Gloorx Vloq (Pan)
  the Serpent of Hell (Tar:7)
  7 dread liches
  Dispater (Dis:7)
  7 ancient liches
  8 orbs of fire (Zot:5)
  Mara (Vaults:4)
  9 pandemonium lords
  5 juggernauts
  8 royal mummies
  Josephina (Zot:1)
  2 Killer Klowns (Zot:5)
  24 shard shrikes
  Xtahua (Vaults:4)
  Parghit (Depths:4)
  Vashnia (Snake:2)
  32 caustic shrikes
  Frederick (Vaults:5)
  A curse toe (Zot:5)
  6 profane servitors
  15 golden dragons
  Geryon (Hell)
  Jory (Depths:4)
  32 bone dragons
  14 Tzitzimimeh
  9 Brimstone Fiends
  7 electric golems
  18 doom hounds
  8 iron giants
  15 hellephants
  Rupert (D:15)
  30 tentacled monstrosities
  21 Hell Sentinels
  25 Ice Fiends
  14 tainted leviathans
  2 spectral shard shrikes
  25 Orb Guardians (Zot:5)
  20 searing wretches
  9 liches
  22 titans
  A walking earthen tome (Depths:3)
  3 deep elf blademasters
  12 death cobs
  A walking frostbound tome (Depths:3)
  2 deep elf master archers (Elf:3)
  7 quicksilver dragons
  13 Executioners (Pan)
  20 acid blobs
  15 sphinxes
  10 tentacled starspawn
  27 ancient champions
  5 thorn hunters
  Kirke (Snake:4)
  10 draconian monks
  Donald (Elf:2)
  The ghost of UglyThing the Geomancer, an adept MeWn of Vehumet (Swamp:3)
  21 storm dragons
  13 shadow dragons
  5 nagarajas
  10 rockslimes
  The ghost of Lyniq the Alchemist, a journeyman DrTm of Wu Jian (D:15)
  5 fenstrider witches
  3 revenants
  16 azure jellies
  18 tengu reavers
  29 narguns
  A daeva (Zig:14)
  4 demonspawn warmongers (Pan)
  9 draconian knights
  14 frost giants
  11 quicksilver elementals
  An imperial myrmidon (Desolation)
  12 iron dragons
  5 curse skulls
  21 vault wardens
  2 spectral juggernauts
  45 balrugs
  24 fire giants
  5 ghost moths
  8 draconian scorchers
  10 shard shrike simulacra
  A caustic shrike zombie (Crypt:3)
  5 deep elf elementalists
  11 draconian shifters
  10 deep elf sorcerers
  8 draconian annihilators
  A spectral caustic shrike (Tar:2)
  9 cacodemons (Pan)
  A broodmother (Zig:7)
  10 demonspawn corrupters
  18 ironbound preservers
  11 quicksilver oozes
  14 draconian stormcallers
  4 spriggan defenders
  21 stone giants
  43 war gargoyles
  A juggernaut skeleton (Pan)
  2 juggernaut zombies (Zig:17)
  7 ironbound thunderhulks
  40 very ugly things
  8 ghouls
  26 reapers
  8 demonspawn blood saints
  9 demonspawn black suns
  8 deep elf annihilators
  19 elemental wellsprings
  10 deep elf demonologists
  15 green draconians
  19 black draconians
  11 eleionomae
  13 putrid mouths
  10 vampire knights
  3 spectral titans
  20 wendigos
  13 white draconians
  6 yellow draconians
  24 purple draconians
  20 lorocyprocas
  A spark wasp (shapeshifter) (Elf:3)
  5 red draconians
  2 bennus (Tomb:1)
  14 dire elephants
  7 spark wasps
  A halazid warlock (Desolation)
  13 bunyips
  Snorg (D:11)
  9 statues (WizLab)
  27 iron golems
  4 crystal guardians (Desolation)
  12 ettins
  19 green deaths
  11 mummy priests
  8 deep elf death magi
  14 blizzard demons
  A quicksilver dragon zombie (Hell)
  22 eidola
  4 ragged hierophants (Desolation)
  3 entropy weavers
  A spectral quicksilver dragon (Crypt:3)
  2 spriggan zombies (Tomb:1)
  10 great orbs of eyes
  A spectral golden dragon (Tar:4)
  5 deep elf high priests
  8 spectral spriggans
  11 jiangshi
  11 fire dragons
  6 shambling mangroves
  19 yaktaur captains
  8 caustic shrike simulacra
  7 hell beasts
  A quicksilver dragon skeleton (Depths:3)
  6 spriggan air magi
  6 peacekeepers
  4 rakshasas
  8 servants of whispers (Desolation)
  10 juggernaut simulacra
  38 vault guards
  A radroach (Zig:7)
  15 salamander tyrants
  Erolcha (D:10)
  19 hydras
  8 stokers
  A death knight (Crypt:2)
  9 ghost crabs
  7 ice dragons
  2 catoblepae (Lair:5)
  6 ogre magi
  3 spriggan skeletons
  15 anacondas
  21 ironbound frosthearts
  8 centaur warriors
  2 fenstrider witch skeletons (Pan)
  2 anacondas (shapeshifter)
  4 boulder beetles
  24 dancing weapons
  8 death scarabs
  11 alligators
  A spectral stone giant (Tar:4)
  3 tengu warriors (Depths:1)
  11 death yaks (Lair:5)
  17 naga warriors
  3 deep troll earth magi
  53 hell hogs
  An Orb Guardian skeleton (Crypt:1)
  4 orc high priests
  5 two-headed ogres
  36 soul eaters
  6 deep troll shamans
  14 naga sharpshooters
  9 vampire magi
  4 spriggan berserkers
  A shock serpent (shapeshifter) (Depths:3)
  12 shock serpents
  11 thrashing horrors
  13 hell knights
  48 sun demons
  11 crystal echidnas
  10 deep elf knights
  3 spectral bunyips (Crypt:3)
  6 titan skeletons
  8 wretched stars
  3 spectral dire elephants
  23 skeletal warriors
  A fire crab (Abyss:3)
  2 storm dragon skeletons
  A bunyip zombie (Crypt:3)
  2 sun moths (Zig:7)
  19 sixfirhies
  4 salamander mystics
  11 shadow demons
  Lodul (D:10)
  4 iron trolls
  35 shadow wraiths
  16 flayed ghosts
  10 goliath frogs
  10 spriggan druids
  7 naga ritualists
  2 spatial maelstroms (Abyss:3)
  7 glowing orange brains
  3 quicksilver dragon simulacra
  An orb spider (Zig:7)
  2 anaconda zombies
  A bunyip skeleton (Pan)
  12 bog bodies
  19 deep elf archers
  16 wizards
  19 swamp dragons
  11 lindwurms
  60 deep trolls
  4 death drakes
  A spectral iron dragon (Crypt:3)
  30 deep elf zephyrmancers
  10 harpies
  5 orange crystal statues
  An anaconda skeleton (Abyss:3)
  3 spectral hydras
  25 ironbound convokers
  11 necromancers
  5 mana vipers
  5 orc knights
  A steelbarb worm (Zig:7)
  34 deep elf pyromancers
  30 phantasmal warriors
  A mana viper (shapeshifter) (Vaults:5)
  25 oklob plants
  A wolf spider (shapeshifter) (Depths:4)
  4 shining eyes
  A spectral ettin (Crypt:3)
  23 salamanders
  A wolf spider (D:15)
  3 fauns (Zig:2)
  5 manticores
  A faun (shapeshifter) (D:13)
  A moth of wrath (shapeshifter) (Vaults:5)
  8 orc sorcerers
  A spectral centaur (Tar:1)
  3 cyclopes
  12 will-o-the-wisps
  A worldbinder (Abyss:3)
  23 moths of wrath
  12 elephants
  Maurice (D:8)
  2 centaur zombies (D:11)
  37 ugly things
  3 iron dragon skeletons
  A stone giant skeleton (Pan)
  16 naga magi
  5 rust devils
  A naga zombie (Hell)
  40 black mambas
  A dire elephant zombie (Hell)
  4 ice statues
  21 vault sentinels
  A frost giant skeleton (Crypt:2)
  18 demonic crawlers
  A merfolk siren (Zig:2)
  10 guardian serpents
  57 smoke demons
  6 apocalypse crabs
  3 eyes of devastation
  A centaur skeleton (Pan)
  10 cane toads
  17 orange demons
  7 titan simulacra
  2 gargoyles
  Maggie (D:10)
  41 hellions
  An alligator snapping turtle zombie (Hell)
  An alligator snapping turtle skeleton (Pan)
  Psyche (D:8)
  9 molten gargoyles
  2 rime drakes (Lair:5)
  29 yaktaurs
  2 torpor snails
  2 storm dragon simulacra (Zot:1)
  A green draconian zombie (Crypt:3)
  4 kobold demonologists
  An unseen horror skeleton (Crypt:1)
  A yaktaur (shapeshifter) (Vaults:5)
  3 anaconda simulacra
  8 komodo dragons
  19 freezing wraiths
  22 tormentors
  16 tengu conjurers
  8 efreet
  A ghost moth simulacrum (Zot:1)
  5 unseen horrors
  A bunyip simulacrum (Crypt:3)
  4 spectral deep trolls (Crypt:1)
  4 spectral harpies
  4 iron giant simulacra
  A sea snake zombie (Hell)
  9 trolls
  4 spectral nagas
  6 ice devils
  7 ancient zymes
  A merfolk (Zig:2)
  9 bloated husks
  25 guardian mummies
  3 harpy zombies
  2 hydra zombies (Hell)
  A yellow draconian skeleton (Crypt:2)
  6 red devils
  31 hellwings (Pan)
  2 silent spectres
  3 harpy skeletons
  24 hornets
  10 tyrant leeches
  2 shadow dragon simulacra
  A raiju (shapeshifter) (D:13)
  54 large abominations
  2 iron dragon simulacra
  3 hydra skeletons
  47 saltlings (Desolation)
  Prince Ribbit (D:5)
  5 raiju
  7 dream sheep (Lair:5)
  12 blink frogs
  3 stone giant simulacra
  5 air elementals
  103 slime creatures
  An ettin skeleton (Pan)
  23 spriggans
  4 centaur simulacra
  A spectral black mamba (Crypt:3)
  2 culicivoras
  Sigmund (D:4)
  20 flying skulls
  22 ynoxinuls
  9 wraiths
  A vampire (D:13)
  59 yaks
  11 shadows
  7 dire elephant simulacra
  9 water elementals
  A human (shapeshifter) (Vaults:5)
  3 wyverns
  4 naga simulacra
  5 ushabtiu
  A wyvern (shapeshifter) (Vaults:5)
  2 black mamba skeletons
  7 fire bats
  2 steam dragons
  3 golden eyes
  A fire elemental (Elf:3)
  16 humans
  11 chaos spawn
  20 neqoxecs
  7 hogs (Snake:4)
  5 redbacks
  5 basilisks
  2 sea snake simulacra (Hell)
  A yellow draconian simulacrum (Zot:1)
  16 vampire mosquitoes
  Edmund (D:4)
  5 swamp worms
  Menkaure (D:5)
  14 harpy simulacra
  40 nagas
  A swamp worm (shapeshifter) (Depths:3)
  7 wargs
  2 spatial vortices (Abyss:3)
  An acid dragon (D:11)
  8 hell hounds
  12 water moccasins
  2 hydra simulacra
  A faun zombie (Crypt:2)
  2 cane toad skeletons
  2 floating eyes
  27 orc warriors
  A glowing shapeshifter skeleton (Depths:3)
  7 swamp drakes
  3 ice beasts (D:6)
  A snapping turtle zombie (Crypt:3)
  2 black bears
  4 ettin simulacra
  3 sky beasts
  17 ogres
  6 centaurs
  A boggart (D:13)
  A tengu (shapeshifter) (Vaults:1)
  A torpor snail zombie (Crypt:1)
  7 wolves
  An elf zombie (Crypt:3)
  10 bullfrogs
  An earth elemental (Elf:1)
  3 kobold brigands
  6 necrophages
  A fire crab zombie (Crypt:2)
  9 small abominations (Abyss:3)
  A two-headed ogre simulacrum (IceCv)
  3 scorpions
  8 wights
  A shapeshifter skeleton (Crypt:1)
  3 electric eels
  5 howler monkeys
  A polar bear skeleton (Crypt:1)
  A yak skeleton (Crypt:2)
  5 crimson imps
  13 hounds
  2 gnoll boudas (D:9)
  2 quasits (Abyss:3)
  19 orc priests
  21 starcursed masses (Abyss:3)
  Crazy Yiuf (D:4)
  3 jellies
  An iron imp (Abyss:3)
  4 sleepcaps
  Terence (D:2)
  4 iguanas
  30 orc wizards
  A boggart zombie (D:11)
  A troll simulacrum (IceCv)
  5 lightning spires (Zot:1)
  8 spriggan simulacra
  A polar bear simulacrum (IceCv)
  The ghost of croobank the Sneak, a weakling DgDe (D:5)
  18 mummies
  A howler monkey zombie (D:11)
  10 adders
  14 gnolls
  A shadow imp (D:4)
  A white imp (Abyss:3)
  An ufetubus (Abyss:3)
  A worm (D:4)
  2 dart slugs
  70 orcs
  14 endoplasms
  3 giant cockroaches
  3 goblins
  8 hobgoblins
  4 jackals (D:1)
  A quokka (D:3)
  4 ball pythons
  3 ball python zombies
  7 bats
  7 frilled lizards
  A frilled lizard skeleton (Crypt:1)
  A giant cockroach zombie (Crypt:3)
  A jackal zombie (Crypt:3)
  24 kobolds
  6 rats
  16 butterflies (Dis:5)
  5 creeping infernos
  27 fire vortices
  2 lurking horrors (Abyss:3)
  A spectral weapon (Zig:12)
  7 starspawn tentacles
  2 tentacles (Abyss:3)
4436 creatures vanquished.

Vanquished Creatures (collateral kills)
  A tentacled monstrosity (Swamp:4)
  A fenstrider witch (Swamp:4)
  2 hydras
  An ogre mage (Swamp:4)
  2 boulder beetles
  A catoblepas (Lair:5)
  A naga warrior (Snake:3)
  An alligator (Swamp:4)
  A bog body (Lair:3)
  An orc knight (Orc:2)
  A salamander (Snake:2)
  A black mamba (Lair:3)
  2 orange demons (Swamp:4)
  A polar bear (Lair:3)
  A yak (Lair:5)
  2 humans (D:12)
  A wraith (D:11)
  2 nagas
  A water moccasin (Lair:3)
  A swamp drake (Swamp:4)
  An orc priest (Orc:2)
  2 orcs (Orc:1)
  A ball lightning (Pan)
29 creatures vanquished.

Vanquished Creatures (others)
  A dread lich (Geh:5)
  2 tentacled monstrosities
  Asterion (Snake:2)
  An Executioner (Pan)
  A kraken (Abyss:3)
  2 draconian monks (Zot:1)
  A fire giant (Geh:2)
  2 war gargoyles (Zot:1)
  A ghost crab (Zig:15)
  A caustic shrike simulacrum (Coc:6)
  A juggernaut simulacrum (Coc:5)
  A stoker (Geh:6)
  A deep elf knight (Vaults:4)
  A glowing orange brain (Pan)
  A deep elf zephyrmancer (Elf:2)
  2 large abominations (Pan)
  A will-o-the-wisp (Zig:8)
  A smoke demon (Pan)
  A hellion (Geh:7)
  2 iron giant simulacra
  A bloated husk (Zig:8)
  A hellwing (Pan)
  A raiju (Abyss:3)
  A naga simulacrum (Coc:5)
  2 dire elephant simulacra (Coc:7)
  A ynoxinul (Pan)
  2 fire bats
  An orc warrior (Vaults:4)
  An ettin simulacrum (Coc:7)
  A small abomination (Abyss:3)
  32 ball lightnings
  3 creeping infernos
  2 fire vortices
  16 foxfires
  15 starspawn tentacles (Abyss:3)
  3 tentacles (Abyss:3)
108 creatures vanquished.

Grand Total: 4573 creatures vanquished

Notes
Turn   | Place    | Note
-------+----------+-------------------------------------------
     0 | D:1      | cdecastro the Djinni Ice Elementalist began the quest for
                  | the Orb.
     0 | D:1      | cdecastro set off with the following spells memorised:
                  | Freeze, Frozen Ramparts, Ozocubu's Armour, Summon Ice
                  | Beast.
     0 | D:1      | Reached XP level 1. HP: 15/15 MP: 0/0
    90 | D:1      | Reached XP level 2. HP: 21/22 MP: 0/0
   197 | D:1      | Reached skill level 1 in Fighting
   339 | D:1      | Reached XP level 3. HP: 25/27 MP: 0/0
   339 | D:1      | Learned a level 1 spell: Sandblast
   543 | D:2      | Noticed Terence
   707 | D:2      | Reached XP level 4. HP: 23/32 MP: 0/0
   711 | D:2      | Identified the +8 morningstar of the Turnip {flame, *Rage
                  | rF+ Int+2}
  1029 | D:2      | Killed Terence
  1030 | D:2      | Reached XP level 5. HP: 38/38 MP: 0/0
  1030 | D:2      | Learned a level 2 spell: Momentum Strike
  1167 | D:2      | Found a faded altar of an unknown god.
  2172 | D:4      | Found a runed translucent door.
  2173 | D:4      | Noticed Crazy Yiuf
  2317 | D:4      | Reached XP level 6. HP: 43/45 MP: 0/0
  2418 | D:4      | Reached skill level 5 in Spellcasting
  2517 | D:4      | Noticed Sigmund
  2519 | D:4      | Killed Sigmund
  2520 | D:4      | Reached XP level 7. HP: 48/51 MP: 0/0
  2520 | D:4      | Learned a level 2 spell: Searing Ray
  2690 | D:4      | Noticed Edmund
  2701 | D:4      | Killed Edmund
  3031 | D:4      | Found a staircase to the Ecumenical Temple.
  3295 | Temple   | Entered the Ecumenical Temple
  3356 | Temple   | Became a worshipper of Ashenzari the Shackled
  3470 | D:4      | Killed Crazy Yiuf
  3641 | D:5      | Entered Level 5 of the Dungeon
  3641 | D:5      | Noticed Menkaure
  3650 | D:5      | Killed Menkaure
  3651 | D:5      | Reached XP level 8. HP: 27/58 MP: 0/0
  3870 | D:5      | Reached skill level 5 in Fighting
  3916 | D:5      | Found a runed translucent door.
  3928 | D:5      | Noticed croobank's ghost (weakling DgDe)
  3939 | D:5      | Noticed Prince Ribbit
  3941 | D:5      | Killed Prince Ribbit
  4573 | D:5      | Killed croobank's ghost
  4672 | D:6      | Reached XP level 9. HP: 53/66 MP: 0/0
  4672 | D:6      | Learned a level 3 spell: Swiftness
  5170 | D:6      | Found a stormy altar of Qazlal.
  6210 | D:7      | Reached XP level 10. HP: 63/75 MP: 0/0
  6588 | D:7      | Found Mafiyp's Lightly-Used Armoury.
  7165 | D:8      | Noticed Maurice
  7233 | D:7      | Reached skill level 10 in Spellcasting
  7697 | D:8      | Noticed Psyche
  8016 | D:9      | Found a glowing golden altar of the Shining One.
  8163 | D:9      | Found a hazy altar of Hepliaklqana.
  8245 | D:9      | Reached XP level 11. HP: 83/85 MP: 0/0
  8245 | D:9      | Learned a level 5 spell: Blade Hands
  8578 | D:10     | Entered Level 10 of the Dungeon
  8588 | D:8      | Found Syrad's Jewellery Shop.
  8802 | D:10     | Found an opulent altar of Gozag.
  8851 | D:10     | Noticed Maggie
  8859 | D:10     | Killed Maggie
  8925 | D:10     | Noticed Erolcha
  8951 | D:10     | Noticed Lodul
  9109 | D:9      | Reached skill level 10 in Fighting
  9351 | D:10     | Reached * piety under Ashenzari
  9636 | D:10     | Killed Lodul
  9637 | D:10     | Reached skill level 5 in Dodging
  9955 | D:10     | Found a shimmering altar of Xom.
 10027 | D:8      | Bought the ring "Wuffaomy" {rC++ Will+ Int-2 Dex+8} for 683
                  | gold pieces
 10108 | D:11     | Found a staircase to the Orcish Mines.
 10286 | D:11     | Noticed a purple ugly thing
 10291 | D:11     | Killed a purple ugly thing
 10401 | D:11     | Found a frozen archway.
 10468 | IceCv    | Entered an ice cave
 11103 | IceCv    | Reached XP level 12. HP: 98/98 MP: 0/0
 11877 | D:11     | Reached skill level 1 in Armour
 11927 | D:11     | Noticed Snorg
 11937 | D:11     | Killed Snorg
 12177 | D:11     | Found the amulet of Vitality {RegenMP++ Regen++}
 12221 | D:11     | Reached ** piety under Ashenzari
 12981 | D:11     | Noticed a two-headed ogre
 12985 | D:11     | Killed a two-headed ogre
 13308 | D:11     | Noticed a sun demon
 13337 | D:11     | Noticed a sixfirhy
 13681 | D:11     | You are sucked into a shaft and drop 2 floors!
 13715 | D:12     | Noticed a boulder beetle
 14768 | D:8      | Found a staircase to the Lair.
 14784 | D:8      | Reached skill level 5 in Armour
 14810 | D:8      | Found a burning altar of Makhleb.
 14894 | D:8      | Killed Psyche
 14895 | D:8      | Reached XP level 13. HP: 102/111 MP: 0/0
 14895 | D:8      | Learned a level 5 spell: Borgnjor's Vile Clutch
 15024 | D:8      | Killed Maurice
 15351 | D:13     | Noticed a centaur warrior
 15418 | D:12     | Identified the +10 falchion of Hotou {freeze, rElec rN+++
                  | Dex-2 SInv}
 16443 | D:13     | Reached skill level 15 in Fighting
 16850 | D:13     | Noticed a centaur warrior
 16937 | D:13     | Killed a centaur warrior
 17177 | D:13     | Killed a centaur warrior
 17516 | D:13     | Noticed a centaur warrior
 17531 | D:13     | Killed a centaur warrior
 17695 | D:13     | Found a transporter.
 17695 | D:13     | Found Lotyel's Distillery.
 18681 | D:13     | Noticed a vault guard
 18689 | D:13     | Found a gate to the Vaults.
 18689 | D:13     | Noticed a vault guard
 18689 | D:13     | Noticed a vault guard
 18717 | D:12     | Killed a vault guard
 18823 | D:12     | Killed a vault guard
 18824 | D:12     | Reached XP level 14. HP: 121/121 MP: 0/0
 18967 | D:13     | Reached skill level 1 in Evocations
 19124 | D:13     | Found a transporter.
 19152 | D:13     | Bought a potion of mutation for 112 gold pieces
 19152 | D:13     | Bought a potion of heal wounds for 70 gold pieces
 19152 | D:13     | Bought a potion of berserk rage for 70 gold pieces
 19993 | D:14     | Identified a scroll of acquirement
 20406 | D:14     | Found a white marble altar of Elyvilon.
 20507 | D:15     | Entered Level 15 of the Dungeon
 21195 | D:15     | Found a glowing silver altar of Zin.
 21196 | D:15     | Noticed an angel
 21238 | D:15     | Acquired a manual of Spellcasting
 21543 | D:15     | Noticed Rupert
 21754 | Orc:1    | Entered Level 1 of the Orcish Mines
 22749 | Orc:2    | Entered Level 2 of the Orcish Mines
 23334 | Orc:2    | Reached skill level 5 in Evocations
 23376 | Orc:2    | Found a runed translucent door.
 23394 | Orc:2    | Found the +10 tower shield of Ignorance {rN+ Int-4}
 23481 | Orc:2    | Found a runed translucent door.
 23592 | Orc:2    | Found a staircase to the Elven Halls.
 24535 | Orc:2    | Found Zidulaal's Weapon Emporium.
 24535 | Orc:2    | Found Covvayz's Antique Weapon Emporium.
 24536 | Orc:2    | Found Butank's Antique Armour Boutique.
 24536 | Orc:2    | Found Maivyfayf's Antique Armour Boutique.
 24683 | D:10     | Killed Erolcha
 24820 | Lair:1   | Entered Level 1 of the Lair of Beasts
 24842 | Lair:1   | Reached XP level 15. HP: 131/131 MP: 0/0
 24842 | Lair:1   | Learned a level 6 spell: Starburst
 27568 | D:13     | Reached *** piety under Ashenzari
 27891 | Lair:3   | Found a staircase to the Snake Pit.
 28046 | Lair:3   | Found a staircase to the Swamp.
 28215 | Lair:3   | Reached skill level 5 in Stealth
 28794 | Lair:4   | Found a staircase to the Slime Pits.
 28794 | Lair:4   | Found a viscous altar of Jiyva.
 28919 | Lair:3   | Reached skill level 1 in Shields
 30093 | Lair:5   | Entered Level 5 of the Lair of Beasts
 30508 | Lair:5   | Reached skill level 5 in Shields
 30969 | Lair:5   | Reached XP level 16. HP: 92/143 MP: 0/0
 32490 | D:15     | Killed Rupert
 32596 | D:15     | Found a runed translucent gate.
 32597 | D:15     | Found a runed translucent gate.
 32597 | D:15     | Found a runed translucent gate.
 32598 | D:15     | Found an opulent altar of Gozag.
 32598 | D:15     | Found Xeninn's Assorted Antiques.
 32599 | D:15     | Noticed Lyniq's ghost (journeyman DrTm)
 32660 | D:15     | Reached skill level 10 in Armour
 33031 | D:15     | Reached skill level 10 in Stealth
 33066 | D:15     | Found a staircase to the Depths.
 33237 | D:15     | Reached skill level 1 in Long Blades
 33628 | Swamp:1  | Entered Level 1 of the Swamp
 33706 | Swamp:1  | Identified the +2 scale mail of Zowko {rF+ rCorr Str+2
                  | Int-3}
 34792 | Swamp:2  | Noticed a thorn hunter
 34792 | Swamp:2  | Found a transporter.
 34795 | Swamp:2  | Noticed a tentacled monstrosity
 34869 | Swamp:1  | Reached XP level 17. HP: 148/148 MP: 0/0
 34869 | Swamp:1  | Learned a level 6 spell: Statue Form
 34888 | Swamp:1  | Reached skill level 10 in Dodging
 35515 | Swamp:2  | Identified the ring "Peurumov" {rC+ Int+2 Stlth+}
 35516 | Swamp:2  | Found a transporter.
 35516 | Swamp:2  | Identified the +8 mace "Loah" {freeze, *Noise rN+ Str+4
                  | Int+5}
 35516 | Swamp:2  | Identified the ring "Cupoun" {rPois rF+ AC+4 Int+7 Dex-4}
 35661 | Swamp:2  | Identified the cursed +0 pair of gloves of the Restrained
                  | Omen {Self, Evo} (You found it on level 2 of the Dungeon)
 36083 | Swamp:3  | Found a runed translucent door.
 36085 | Swamp:3  | Noticed UglyThing's ghost (adept MeWn)
 36688 | Swamp:4  | Entered Level 4 of the Swamp
 37041 | Swamp:4  | Noticed a thorn hunter
 37050 | Swamp:4  | Killed a thorn hunter
 37821 | Swamp:4  | Paralysed by a fenstrider witch for 3 turns
 38079 | Swamp:4  | Noticed a thorn hunter
 38090 | Swamp:4  | Killed a thorn hunter
 38129 | Swamp:4  | Noticed a tentacled monstrosity
 38140 | Swamp:4  | Killed a tentacled monstrosity
 38221 | Swamp:4  | Reached XP level 18. HP: 148/156 MP: 0/0
 38307 | Swamp:4  | Noticed a tentacled monstrosity
 38314 | Swamp:4  | Killed a tentacled monstrosity
 38700 | Swamp:4  | Got a decaying rune of Zot
 38886 | Snake:1  | Entered Level 1 of the Snake Pit
 39091 | Snake:1  | Reached skill level 10 in Shields
 39414 | Snake:1  | Reached **** piety under Ashenzari
 40355 | Snake:2  | Reached skill level 15 in Spellcasting
 40542 | Snake:2  | Reached skill level 5 in Long Blades
 40974 | D:15     | Reached ***** piety under Ashenzari
 41331 | Snake:2  | Noticed Vashnia
 41477 | Snake:2  | Killed Vashnia
 41549 | Snake:2  | Noticed Asterion
 41887 | Snake:2  | Identified Sif Muna's Guidebook on Breath
 41908 | Snake:2  | Reached XP level 19. HP: 140/166 MP: 0/0
 41908 | Snake:2  | Learned a level 6 spell: Eringya's Noxious Bog
 42173 | Snake:2  | Identified the cursed +4 troll leather armour "Shattered
                  | With Me" {Regen+, Snorg, Cun, Self} (You found it on level
                  | 11 of the Dungeon)
 43362 | Snake:3  | Found Naata's Gadget Gallery.
 43371 | Snake:3  | Bought a box of beasts for 520 gold pieces
 43371 | Snake:3  | Bought a phial of floods for 520 gold pieces
 43371 | Snake:3  | Bought a lightning rod (4/4) for 390 gold pieces
 43781 | Snake:4  | Entered Level 4 of the Snake Pit
 44214 | Snake:4  | Noticed Kirke
 44288 | Snake:4  | Killed Kirke
 44352 | Snake:4  | Found a shimmering altar of Xom.
 44660 | Snake:4  | Reached skill level 10 in Long Blades
 44964 | Snake:4  | Got a serpentine rune of Zot
 45613 | Elf:1    | Entered Level 1 of the Elven Halls
 45625 | Elf:1    | Paralysed by an air elemental for 1 turns
 45708 | Elf:1    | Found a crumbling gateway.
 45717 | Desolati | Entered the Desolation of Salt
 45837 | Desolati | Reached XP level 20. HP: 148/173 MP: 0/0
 46029 | Desolati | Identified the +5 flail of the Usurping Penguin {holy,
                  | rCorr MP+9}
 46187 | Desolati | Identified the ring "Ysyixa" {AC+4 Dex+2}
 46189 | Desolati | Identified the +8 flail of Umefe {flame, *Slow rN+ Will+
                  | Int+4}
 46191 | Desolati | Identified the +7 war axe "Waleaf" {flame, rPois Will+}
 46355 | Desolati | Identified the ring "Utoulog" {Fly AC+4}
 46436 | Desolati | Identified the amulet "Uckuq" {Spirit Will+ Str+2 Int+2
                  | Slay+2}
 46436 | Desolati | Identified the +4 long sword "Tiaca" {flame, rF+ Will+
                  | Int+3 SInv}
 46436 | Desolati | Identified Bynyur's Cyclopedia of the Planar Xenolith
 46686 | Elf:1    | Found Tuidghud's Jewellery Boutique.
 46790 | Elf:1    | Identified Inul's Compilation of Conjuration
 47046 | Elf:1    | Found Ziet's General Store.
 47123 | Elf:1    | Found Liqayst's Book Shop.
 47310 | Elf:1    | Found Cucut's Armour Shoppe.
 47407 | Elf:2    | Found Saameirph's Jewellery Emporium.
 47431 | Elf:2    | Found Colorghet's Magic Scroll Shoppe.
 47450 | Elf:2    | Found a flickering gateway to a bazaar.
 47475 | Bazaar   | Entered a bazaar
 47502 | Bazaar   | Found Liesimm's Jewellery Shoppe.
 47520 | Bazaar   | Found Zousk's Armour Shoppe.
 47536 | Bazaar   | Found Gadewn's General Store.
 47552 | Bazaar   | Found Madac's Antique Weapon Shoppe.
 47600 | Bazaar   | Bought a scroll of magic mapping for 82 gold pieces
 47600 | Bazaar   | Bought a scroll of blinking for 82 gold pieces
 47600 | Bazaar   | Bought a potion of heal wounds for 55 gold pieces
 47600 | Bazaar   | Bought a potion of brilliance for 44 gold pieces
 47629 | Bazaar   | Bought a ring of willpower for 350 gold pieces
 47685 | Elf:2    | Paralysed by an air elemental for 1 turns
 47917 | Elf:2    | Found a runed translucent gate.
 47917 | Elf:2    | Found a runed translucent gate.
 47918 | Elf:2    | Found a runed translucent gate.
 47995 | Elf:2    | Found Kinuf's General Store.
 48000 | Elf:2    | Noticed Donald
 48016 | Elf:2    | Killed Donald
 48024 | Elf:2    | Paralysed by an air elemental for 1 turns
 48478 | Elf:2    | Reached XP level 21. HP: 179/179 MP: 0/0
 48478 | Elf:2    | Learned a level 8 spell: Ignition
 49352 | Vaults:1 | Entered Level 1 of the Vaults
 50590 | Vaults:1 | Found the +5 glaive of the Guard {elec, spectral, AC+5}
 50601 | Vaults:1 | Reached skill level 15 in Armour
 50823 | Vaults:1 | Found Xenuotao's Assorted Antiques.
 50828 | Vaults:1 | Bought a pair of glowing gloves for 247 gold pieces
 50828 | Vaults:1 | Bought a scroll of teleportation for 99 gold pieces
 51050 | Vaults:2 | Reached XP level 22. HP: 182/185 MP: 0/0
 51102 | Vaults:2 | Identified Louvido's Meditations on Haze
 51344 | Vaults:2 | Found a magical portal.
 51365 | WizLab   | Entered Iskenderun's Mystic Tower
 52333 | WizLab   | Identified Iskenderun's Vademecum on Conjuration
 52333 | WizLab   | Identified Iskenderun's Reference Book on Outbursts
 52746 | Vaults:2 | Noticed a bone dragon
 52751 | Vaults:2 | Found a staircase to the Crypt.
 52770 | Vaults:2 | Killed a bone dragon
 53667 | Vaults:3 | Reached XP level 23. HP: 192/192 MP: 0/0
 53667 | Vaults:3 | Learned a level 8 spell: Borgnjor's Revivification
 53671 | Vaults:3 | Reached skill level 15 in Dodging
 54801 | Vaults:4 | Identified the +9 quarterstaff of Poverty {antimagic, rF+}
 54976 | Vaults:4 | Noticed Mara
 55038 | Vaults:4 | Noticed cdecastro's illusion
 55068 | Vaults:4 | Killed Mara
 55890 | Vaults:4 | Noticed Xtahua
 55904 | Vaults:4 | Killed Xtahua
 55959 | Vaults:4 | Identified the cursed +2 pair of gloves of the Revealing
                  | Elitism {Dex+3, Evo, Self} (You bought it in a shop on
                  | level 1 of the Vaults)
 56375 | Orc:2    | Bought a glowing cloak for 172 gold pieces
 56793 | Vaults:5 | Entered Level 5 of the Vaults
 56797 | Vaults:5 | Reached XP level 24. HP: 137/203 MP: 0/0
 56801 | Vaults:5 | Noticed Frederick
 56804 | Vaults:5 | Noticed a dread lich
 56950 | Vaults:5 | Identified the ring of Sokho {+Blink rPois rF+ rN+ Int-3}
 57088 | Vaults:5 | Identified the +1 robe "Ukeavir" {-Cast rElec Will- Dex+8}
 57147 | Vaults:5 | Identified Utiul's Book of the Called Rocks
 57211 | Vaults:5 | Identified the staff of death "Weudaw" {rN+ Will+}
 57213 | Vaults:5 | Identified the staff of fire "Ithro" {rF+ Str-5 Int+6}
 57232 | Vaults:5 | Identified the Secrets of the Rotting Hornet
 57280 | Vaults:5 | Identified the staff of fire "Orghejei" {rPois rF+ Int+3}
 57313 | Vaults:5 | Got a silver rune of Zot
 57359 | Vaults:5 | Killed a dread lich
 57420 | Vaults:5 | Identified the amulet "Gesaets" {RegenMP rPois}
 57479 | Vaults:5 | Noticed a golden dragon
 57489 | Vaults:5 | Killed a golden dragon
 57754 | Vaults:5 | Identified the +0 plate armour "Kaikkab" {Will+ Dex+5
                  | Slay-6}
 57893 | Vaults:5 | Noticed a dread lich
 57914 | Vaults:5 | Noticed a golden dragon
 57939 | Vaults:5 | Killed a golden dragon
 57960 | Vaults:5 | Killed a dread lich
 58058 | Vaults:5 | Identified Sif Muna's Secrets of Causimancy
 58118 | Vaults:5 | Identified the +2 robe of Mitairgh {Harm Str+5}
 58529 | Vaults:5 | Killed Frederick
 58581 | Vaults:5 | Reached XP level 25. HP: 204/204 MP: 0/0
 58581 | Vaults:5 | Learned a level 8 spell: Summon Horrible Things
 58678 | Vaults:5 | Reached skill level 15 in Shields
 58709 | Vaults:5 | Found Laremenk's Magic Scroll Shop.
 58728 | Vaults:5 | Bought a scroll of summoning for 228 gold pieces
 58728 | Vaults:5 | Bought a scroll of magic mapping for 180 gold pieces
 59476 | Elf:1    | Bought a +2 helmet of see invisible for 365 gold pieces
 59516 | Elf:2    | Bought the ring "Haepsoz" {Ice Will+ Dex+2} for 585 gold
                  | pieces
 59797 | D:15     | Acquired a manual of Long Blades
 59799 | D:15     | Acquired a manual of Dodging
 59884 | D:15     | Killed Lyniq's ghost
 60369 | Swamp:3  | Killed UglyThing's ghost
 60509 | Snake:2  | Killed Asterion
 61444 | Elf:3    | Entered Level 3 of the Elven Halls
 61711 | Elf:3    | Found Kaskothi's Book Shoppe.
 61747 | Elf:3    | Reached skill level 15 in Long Blades
 61942 | Elf:3    | Identified the ring "Goazoit" {*Corrode rPois MP+9 Str+7
                  | Dex-3}
 62082 | Elf:3    | Identified the +2 leather armour of Mirth {rElec Regen+
                  | Int+2 Dex-3}
 62088 | Elf:3    | Identified the ring of Xuxut {rCorr Str+6 Dex+2 Slay+2}
 62088 | Elf:3    | Identified the +7 flail of the Equinox {holy, Str+5}
 62088 | Elf:3    | Identified the ring of Xicar {rPois rF+++ rN+ Dex-3}
 62090 | Elf:3    | Identified the +8 battleaxe "Jisal" {drain, rF+ Will+}
 62090 | Elf:3    | Identified the +0 steam dragon scales "Ilud" {Str+6}
 62090 | Elf:3    | Identified the ring "Bamih" {rF+ Dex+2 SInv}
 62239 | Elf:3    | Identified the +0 rapier of Daig {antimagic, rElec rN+
                  | Str-2}
 62242 | Elf:3    | Identified the Parchment of Frost and Transformation
 62756 | D:15     | Gained mutation: Your movements are slightly less
                  | encumbered by armour. (ER -2) [potion of mutation]
 62756 | D:15     | Gained mutation: Your mind is acute. (Int +4, Str/Dex -1)
                  | [potion of mutation]
 62763 | Depths:1 | Entered Level 1 of the Depths
 62829 | Depths:1 | Found Jitives's Book Shop.
 62998 | Depths:1 | Found a shimmering altar of Xom.
 63333 | Depths:1 | Found a one-way gate to the infinite horrors of the Abyss.
 63530 | Depths:1 | Found a gateway to Hell.
 63532 | Depths:1 | Reached XP level 26. HP: 207/207 MP: 0/0
 64324 | Depths:2 | Found a one-way gate leading to the halls of Pandemonium.
 64361 | Depths:2 | Found a viscous altar of Jiyva.
 64361 | Depths:2 | Identified the ring "Qameq" {MP+9 Stlth+}
 64465 | Depths:2 | Found a sparkling altar of Nemelex Xobeh.
 64488 | Depths:2 | Found a transporter.
 64494 | Depths:2 | Identified the +1 great mace of the People {heavy, Str+2}
 64495 | Depths:2 | Found a transporter.
 65129 | Depths:3 | Noticed a juggernaut
 65149 | Depths:3 | Killed a juggernaut
 65710 | Depths:3 | Found a sacrificial altar of Ru.
 65804 | Depths:3 | Found Fioh's Distillery.
 65810 | Depths:3 | Acquired a manual of Short Blades
 65888 | Depths:3 | Reached skill level 10 in Evocations
 66281 | Depths:3 | Noticed a juggernaut
 66304 | Depths:3 | Reached XP level 27. HP: 213/213 MP: 0/0
 66304 | Depths:3 | Learned a level 9 spell: Chain Lightning
 66516 | Depths:3 | Found the +5 robe of Night {Dark Will+ SInv}
 66711 | Depths:3 | Killed a juggernaut
 66780 | Depths:3 | Identified the staff of fire "Xeapiyl" {rElec rF+ rCorr
                  | MP-9 Dex+6}
 67027 | Depths:4 | Entered Level 4 of the Depths
 67078 | Depths:4 | Found a portal to a secret trove of treasure.
 67658 | Depths:4 | Found a one-way gateway to a ziggurat.
 67713 | Depths:4 | Found Abrel's Serpentskin Sales.
 67897 | Depths:4 | Noticed Parghit
 67897 | Depths:4 | Noticed Jory
 67910 | Depths:4 | Killed Parghit
 67911 | Depths:4 | Killed Jory
 68152 | Depths:4 | Found a gate to the Realm of Zot.
 68379 | Depths:4 | You paid a toll of 8 potions of haste to enter a treasure
                  | trove
 68380 | Trove    | Entered a treasure trove
 68431 | Trove    | Identified the amulet of Wycoycau {Regen+ Dex+2}
 68432 | Trove    | Identified the ring of Hovub {rPois rC++ AC+4 Str+2 Dex+3}
 68699 | Depths:3 | Bought 2 potions of haste for 440 gold pieces
 69015 | Crypt:1  | Entered Level 1 of the Crypt
 69794 | Crypt:2  | Identified the ring "Ogeloam" {rC+ Will+ SInv}
 69872 | Crypt:2  | Found a basalt altar of Yredelemnul.
 70292 | Crypt:3  | Entered Level 3 of the Crypt
 70634 | Crypt:3  | Found a staircase to the Tomb.
 71021 | Crypt:3  | Found the +5 scythe "Finisher" {speed, execute}
 71125 | Crypt:3  | Identified the Catalogue of Loathsome Algor
 71127 | Crypt:3  | Found the amulet of the Four Winds {rN+ Will+++ Clar}
 71277 | Crypt:3  | Acquired a +1 cloak of willpower
 71488 | Tomb:1   | Entered Level 1 of the Tomb of the Ancients
 71859 | Tomb:1   | Noticed a royal mummy
 71874 | Tomb:1   | Killed a royal mummy
 71974 | Tomb:1   | Noticed a royal mummy
 71985 | Tomb:1   | Killed a royal mummy
 72023 | Tomb:1   | Noticed a royal mummy
 72029 | Tomb:1   | Killed a royal mummy
 72129 | Tomb:1   | Noticed a royal mummy
 72143 | Tomb:1   | Killed a royal mummy
 73162 | Zot:1    | Entered Level 1 of the Realm of Zot
 74146 | Zot:1    | Identified the ring "Apepnasm" {Ice Str+2 Dex+2}
 74146 | Zot:1    | Noticed Josephina
 74150 | Zot:1    | Killed Josephina
 75955 | Zot:4    | Identified the +6 falchion of Bigeishe {antimagic, rPois
                  | rC+}
 76249 | Zot:4    | Identified the -1 cloak "Xoepnag" {Regen+ Str+3 Dex+2}
 76295 | Zot:4    | Noticed Foeroudum's ghost (master MfBe)
 76299 | Zot:4    | Identified the +0 cloak of Rejeed {rN+ rCorr Str-5}
 76306 | Zot:4    | Found a transporter.
 76311 | Zot:4    | Found a bloodstained altar of Trog.
 76373 | Zot:4    | Found a transporter.
 76471 | Zot:5    | Entered Level 5 of the Realm of Zot
 76637 | Zot:5    | Found Goum's Changing Room.
 76739 | Zot:5    | Found a transporter.
 76833 | Zot:5    | Identified the +1 ring mail of the Storm King {*Corrode rF-
                  | rC+++ Stlth+}
 77070 | Zot:5    | Noticed a dread lich
 77070 | Zot:5    | Noticed a dread lich
 77081 | Zot:5    | Noticed an orb of fire
 77083 | Zot:5    | Killed a dread lich
 77086 | Zot:5    | Killed a dread lich
 77091 | Zot:5    | Gained mutation: You occasionally lose the ability to read
                  | scrolls when taking damage. [an orb of fire]
 77093 | Zot:5    | Killed an orb of fire
 77094 | Zot:5    | Noticed an orb of fire
 77167 | Zot:5    | Bought a potion of mutation for 144 gold pieces
 77167 | Zot:5    | Bought a potion of mutation for 144 gold pieces
 77167 | Zot:5    | Bought a potion of mutation for 144 gold pieces
 77167 | Zot:5    | Lost mutation: Your mind is acute. (Int +4, Str/Dex -1)
                  | [potion of mutation]
 77167 | Zot:5    | Lost mutation: Your movements are slightly less encumbered
                  | by armour. (ER -2) [potion of mutation]
 77167 | Zot:5    | Gained mutation: Armour fits poorly on your strangely
                  | shaped body. [potion of mutation]
 77167 | Zot:5    | Gained mutation: You are agile. (Dex +4, Str/Int -1)
                  | [potion of mutation]
 77168 | Zot:5    | Lost mutation: You occasionally lose the ability to read
                  | scrolls when taking damage. [potion of mutation]
 77168 | Zot:5    | Lost mutation: You are agile. (Dex +4, Str/Int -1) [potion
                  | of mutation]
 77168 | Zot:5    | Lost mutation: Armour fits poorly on your strangely shaped
                  | body. [potion of mutation]
 77168 | Zot:5    | Gained mutation: You passively map a small area around you.
                  | [potion of mutation]
 77168 | Zot:5    | Gained mutation: You have hidden genetic defects. [potion
                  | of mutation]
 77168 | Zot:5    | Gained mutation: You passively dampen the noise of your
                  | surroundings. [potion of mutation]
 77169 | Zot:5    | Lost mutation: You have hidden genetic defects. [potion of
                  | mutation]
 77169 | Zot:5    | Lost mutation: You passively map a small area around you.
                  | [potion of mutation]
 77169 | Zot:5    | Gained mutation: Your muscles are strong. (Str +4, Int/Dex
                  | -1) [potion of mutation]
 77169 | Zot:5    | Gained mutation: You are frail. (-10% HP) [potion of
                  | mutation]
 77169 | Zot:5    | Lost mutation: You are frail. (-10% HP) [potion of
                  | mutation]
 77252 | Zot:5    | Noticed an orb of fire
 77261 | Zot:5    | Killed an orb of fire
 77293 | Zot:5    | Gained mutation: Your spells are a little harder to cast,
                  | but a little more powerful. [an orb of fire]
 77293 | Zot:5    | Noticed an ancient lich
 77301 | Zot:5    | Killed an orb of fire
 77315 | Zot:5    | Killed an ancient lich
 77381 | Zot:5    | Noticed an ancient lich
 77450 | Zot:5    | Killed an ancient lich
 77564 | Zot:5    | Noticed a Killer Klown
 77578 | Zot:5    | Killed a Killer Klown
 77611 | Zot:5    | Reached skill level 15 in Evocations
 77630 | Zot:5    | Noticed an orb of fire
 77637 | Zot:5    | Killed an orb of fire
 77639 | Zot:5    | Noticed an orb of fire
 77639 | Zot:5    | Noticed a Killer Klown
 77645 | Zot:5    | Lost mutation: Your spells are a little harder to cast, but
                  | a little more powerful. [an orb of fire]
 77646 | Zot:5    | Killed an orb of fire
 77646 | Zot:5    | Killed a Killer Klown
 77646 | Zot:5    | Noticed an orb of fire
 77646 | Zot:5    | Gained mutation: You occasionally lose the ability to drink
                  | potions when taking damage. [an orb of fire]
 77647 | Zot:5    | Noticed an orb of fire
 77647 | Zot:5    | Noticed an orb of fire
 77650 | Zot:5    | Gained mutation: You occasionally lose the ability to read
                  | scrolls when taking damage. [an orb of fire]
 77650 | Zot:5    | Gained mutation: You are occasionally teleported next to
                  | monsters. [an orb of fire]
 77650 | Zot:5    | Lost mutation: Your muscles are strong. (Str +4, Int/Dex
                  | -1) [an orb of fire]
 77651 | Zot:5    | Killed an orb of fire
 77652 | Zot:5    | Gained mutation: You are often teleported next to monsters.
                  | [an orb of fire]
 77653 | Zot:5    | Killed an orb of fire
 77654 | Zot:5    | Reached skill level 15 in Stealth
 77654 | Zot:5    | Noticed a dread lich
 77654 | Zot:5    | Killed an orb of fire
 77678 | Zot:4    | Lost mutation: You occasionally lose the ability to drink
                  | potions when taking damage. [potion of mutation]
 77678 | Zot:4    | Lost mutation: You occasionally lose the ability to read
                  | scrolls when taking damage. [potion of mutation]
 77678 | Zot:4    | Lost mutation: You passively dampen the noise of your
                  | surroundings. [potion of mutation]
 77678 | Zot:4    | Lost mutation: You are often teleported next to monsters.
                  | [potion of mutation]
 77678 | Zot:4    | Gained mutation: Potions are less effective at restoring
                  | your health. [potion of mutation]
 77679 | Zot:4    | Lost mutation: You are occasionally teleported next to
                  | monsters. [potion of mutation]
 77679 | Zot:4    | Lost mutation: Potions are less effective at restoring your
                  | health. [potion of mutation]
 77679 | Zot:4    | Gained mutation: You sometimes lose your temper in combat.
                  | [potion of mutation]
 77679 | Zot:4    | Gained mutation: Your body sometimes deteriorates upon
                  | taking damage. [potion of mutation]
 77679 | Zot:4    | Gained mutation: You passively dampen the noise of your
                  | surroundings. [potion of mutation]
 77786 | Zot:5    | Killed a dread lich
 77832 | Zot:5    | Noticed a dread lich
 77842 | Zot:5    | Killed a dread lich
 78252 | D:15     | Lost mutation: Your body sometimes deteriorates upon taking
                  | damage. [potion of mutation]
 78252 | D:15     | Lost mutation: You passively dampen the noise of your
                  | surroundings. [potion of mutation]
 78252 | D:15     | Gained mutation: You passively map a small area around you.
                  | [potion of mutation]
 78252 | D:15     | Gained mutation: You occasionally lose the ability to read
                  | scrolls when taking damage. [potion of mutation]
 78253 | D:15     | Lost mutation: You occasionally lose the ability to read
                  | scrolls when taking damage. [potion of mutation]
 78253 | D:15     | Lost mutation: You sometimes lose your temper in combat.
                  | [potion of mutation]
 78253 | D:15     | Gained mutation: You are frail. (-10% HP) [potion of
                  | mutation]
 78253 | D:15     | Gained mutation: You passively dampen the noise of your
                  | surroundings. [potion of mutation]
 78253 | D:15     | Lost mutation: You passively map a small area around you.
                  | [potion of mutation]
 78254 | D:15     | Lost mutation: You are frail. (-10% HP) [potion of
                  | mutation]
 78254 | D:15     | Lost mutation: You passively dampen the noise of your
                  | surroundings. [potion of mutation]
 78254 | D:15     | Gained mutation: You are frail. (-10% HP) [potion of
                  | mutation]
 78255 | D:15     | Lost mutation: You are frail. (-10% HP) [potion of
                  | mutation]
 78255 | D:15     | Gained mutation: You do not regenerate when monsters are
                  | visible. [potion of mutation]
 78256 | D:15     | Lost mutation: You do not regenerate when monsters are
                  | visible. [potion of mutation]
 78256 | D:15     | Gained mutation: You are partially covered in iridescent
                  | scales. (AC +2) [potion of mutation]
 78256 | D:15     | Gained mutation: You have hidden genetic potential. [potion
                  | of mutation]
 78512 | Elf:2    | Bought a scroll of enchant armour for 135 gold pieces
 78512 | Elf:2    | Bought a scroll of summoning for 171 gold pieces
 78512 | Elf:2    | Bought a scroll of fear for 72 gold pieces
 78799 | Slime:1  | Entered Level 1 of the Pits of Slime
 79049 | Slime:5  | Entered Level 5 of the Pits of Slime
 79104 | Slime:5  | Gained mutation: Your spells are a little harder to cast,
                  | but a little more powerful. [a shining eye]
 79107 | Slime:5  | Gained mutation: You sometimes lose your temper in combat.
                  | [a shining eye]
 79882 | Slime:5  | Identified the +8 battleaxe of the Assorted Lies {protect,
                  | rN+}
 79963 | Slime:5  | Found a viscous altar of Jiyva.
 80006 | Slime:5  | Identified the +3 hand axe of Idiggaom {protect, rPois}
 80006 | Slime:5  | Identified the +8 battleaxe "Hobes" {elec, *Rage rPois
                  | Dex+4}
 80009 | Slime:5  | Identified the +9 trident of the Brewing Gods {flame,
                  | *Noise rC++ Str+3}
 80009 | Slime:5  | Identified the +9 shortbow "Usukh" {drain, Str+7}
 80009 | Slime:5  | Identified the staff of air "Ychehuloa" {Drain rElec Str-5
                  | Int+5 Stlth+}
 80010 | Slime:5  | Identified Sif Muna's Notes on Unspeakable Secrets and the
                  | Scorpion
 80070 | Slime:5  | Noticed the Royal Jelly
 80075 | Slime:5  | Killed the Royal Jelly
 80167 | Slime:5  | Got a slimy rune of Zot
 80805 | Hell     | Entered the Vestibule of Hell
 80818 | Hell     | Noticed Geryon
 80862 | Hell     | Killed Geryon
 81151 | Hell     | Found a gateway to the decaying netherworld of Tartarus.
 81271 | Hell     | Found a gateway to the freezing wastes of Cocytus.
 81336 | Hell     | Found a gateway to the Iron City of Dis.
 81432 | Hell     | Found a gateway to the ashen valley of Gehenna.
 81679 | Depths:1 | Voluntarily entered the Abyss.
 82040 | Abyss:3  | Gained mutation: Your flesh is almost immune to the effects
                  | of heat. (rF+++) [hidden potential]
 82311 | Abyss:3  | Found a corrupted altar of Lugonu.
 82387 | Abyss:3  | Gained mutation: You frequently scream uncontrollably at
                  | your foes. [a neqoxec]
 82401 | Abyss:3  | Found a corrupted altar of Lugonu.
 82425 | Abyss:3  | Found a corrupted altar of Lugonu.
 82433 | Abyss:3  | Found a corrupted altar of Lugonu.
 82433 | Abyss:3  | Found a corrupted altar of Lugonu.
 82509 | Abyss:3  | Found a corrupted altar of Lugonu.
 82748 | Abyss:3  | Got an abyssal rune of Zot
 82774 | Depths:1 | Escaped the Abyss
 82906 | Pan      | Entered the realm of Cerebov.
 82906 | Pan      | Entered Pandemonium
 83745 | Pan      | Found the +6 sword of Cerebov {flame}
 83745 | Pan      | Noticed Cerebov
 83813 | Pan      | Identified the +7 plate armour of Ututipsy {rElec Stlth+}
 83813 | Pan      | Identified the +6 shortbow of Disorder {elec, rElec rF- rN+
                  | Int+5}
 83813 | Pan      | Identified the staff of earth "Xukhloll" {Dex+3}
 83813 | Pan      | Identified the Codex of Frostbound Corruption
 83875 | Pan      | Identified the ring of Xom's Entertainment {rF+ rN+ Will+
                  | Dex+3}
 83906 | Pan      | Identified the Quarto of Bolts and Stolen Souls
 83907 | Pan      | Identified the +7 mace of Light {antimagic, Int+9}
 83973 | Pan      | Identified the +4 battleaxe "Xibol" {heavy, Int+4}
 84043 | Pan      | Killed Cerebov
 84084 | Pan      | Got a fiery rune of Zot
 84325 | Pan      | Acquired a manual of Spellcasting
 84401 | Pan      | Entered the realm of Mnoleg.
 84581 | Pan      | Noticed Mnoleg
 84592 | Pan      | Killed Mnoleg
 84677 | Pan      | Got a glowing rune of Zot
 84784 | Pan      | Gained mutation: A frigid envelope surrounds you and
                  | freezes all who hurt you. [hidden potential]
 84784 | Pan      | Lost mutation: You have hidden genetic potential. [hidden
                  | potential expressed]
 84815 | Pan      | Identified the +4 sling of Instant Death {elec, *Corrode
                  | rC+++ Str+4 Dex-4}
 84818 | Pan      | Noticed Qasadyuw the pandemonium lord
 84873 | Pan      | Found an exit through the horrors of the Abyss.
 84885 | Pan      | Entered the realm of Lom Lobon.
 85598 | Pan      | Noticed Lom Lobon
 86495 | Pan      | Killed Lom Lobon
 86575 | Pan      | Got a magical rune of Zot
 86760 | Pan      | Noticed Vuan the pandemonium lord
 86766 | Pan      | Killed Vuan the pandemonium lord
 87102 | Pan      | Entered the realm of Gloorx Vloq.
 87102 | Pan      | Found an exit through the horrors of the Abyss.
 87374 | Pan      | Acquired a manual of Evocations
 87915 | Pan      | Noticed Gloorx Vloq
 87919 | Pan      | Killed Gloorx Vloq
 87921 | Pan      | Got a dark rune of Zot
 88029 | Pan      | Found a runed translucent door.
 88032 | Pan      | Found a runed translucent door.
 88044 | Pan      | Found a runed translucent door.
 88051 | Pan      | Found a runed translucent door.
 88052 | Pan      | Noticed Qoneheopt the pandemonium lord
 88058 | Pan      | Killed Qoneheopt the pandemonium lord
 88080 | Pan      | Identified the +8 trident "Demon's Demise" {heavy, Int+3
                  | Stlth+}
 88086 | Pan      | Identified the staff of fire "Veskuf" {rF+ Int+2}
 88450 | Pan      | Noticed Juawar the pandemonium lord
 88455 | Pan      | Killed Juawar the pandemonium lord
 88934 | Pan      | Found an exit through the horrors of the Abyss.
 89193 | Pan      | Noticed Haphoib the pandemonium lord
 89223 | Pan      | Identified the Compilation of the Frosty Cemetery
 89248 | Pan      | Killed Haphoib the pandemonium lord
 89250 | Pan      | Got a demonic rune of Zot
 89389 | Pan      | Took an exit into the Abyss.
 89389 | Abyss:3  | Escaped into the Abyss
 89425 | Depths:2 | Escaped the Abyss
 89632 | Geh:1    | Entered Level 1 of Gehenna
 89898 | Pan      | Entered Pandemonium
 89898 | Pan      | Found an exit through the horrors of the Abyss.
 89952 | Pan      | Took an exit into the Abyss.
 89952 | Abyss:3  | Escaped into the Abyss
 89981 | Abyss:3  | Found a corrupted altar of Lugonu.
 90159 | Abyss:3  | Found a corrupted altar of Lugonu.
 90193 | Depths:2 | Escaped the Abyss
 90231 | Pan      | Entered Pandemonium
 90313 | Pan      | Noticed Wuuzxeunn the pandemonium lord
 90330 | Pan      | Killed Wuuzxeunn the pandemonium lord
 90545 | Pan      | Noticed Ignacio
 90552 | Pan      | Killed Ignacio
 90604 | Pan      | Noticed Rucedeaxt the pandemonium lord
 90611 | Pan      | Killed Rucedeaxt the pandemonium lord
 90632 | Pan      | Identified the +9 hand axe of Wariness {elec, rPois rC-
                  | rN+++ Dex+6}
 90636 | Pan      | Found a transporter.
 90674 | Pan      | Found a transporter.
 90682 | Pan      | Identified the ring "Miseuvowiote" {Int+3 SInv}
 90709 | Pan      | Identified the +2 hat "Sil Hitah" {rPois Str+3}
 91087 | Pan      | Identified the +5 rapier of Gravity {flame, rF++ rC+ rCorr
                  | Int-2}
 91092 | Pan      | Found an exit through the horrors of the Abyss.
 91706 | Pan      | Took an exit into the Abyss.
 91706 | Abyss:3  | Escaped into the Abyss
 91737 | Depths:2 | Escaped the Abyss
 93086 | Geh:5    | Noticed a dread lich
 93094 | Geh:5    | Killed a dread lich
 93348 | Geh:6    | Noticed an ancient lich
 93352 | Geh:6    | Killed an ancient lich
 93528 | Geh:7    | Entered Level 7 of Gehenna
 94239 | Geh:7    | Identified the ring "Osad" {rPois Int+4}
 94303 | Geh:7    | Identified the +0 sling of Tenacity {flame, rC+ Will+}
 94595 | Geh:7    | Found the +13 sceptre of Asmodeus
 94595 | Geh:7    | Noticed Asmodeus
 94597 | Geh:7    | Identified the +3 leather armour "Iryim" {rCorr}
 94597 | Geh:7    | Identified the +4 rapier of Ceyngoim {freeze, rElec rPois
                  | SInv}
 94597 | Geh:7    | Identified the +8 dagger of Behuhuen {venom, rF+ Str+2
                  | SInv}
 94602 | Geh:7    | Killed Asmodeus
 94614 | Geh:7    | Got an obsidian rune of Zot
 95058 | Vaults:1 | Bought a scroll of enchant weapon for 247 gold pieces
 95303 | Elf:2    | Bought a scroll of enchant weapon for 135 gold pieces
 95677 | Coc:1    | Entered Level 1 of Cocytus
 95880 | Coc:2    | Noticed a shard shrike
 95881 | Coc:2    | Noticed a shard shrike
 95885 | Coc:2    | Killed a shard shrike
 95885 | Coc:2    | Killed a shard shrike
 95897 | Coc:2    | Paralysed by a wendigo for 1 turns
 96273 | Coc:4    | Noticed a shard shrike
 96274 | Coc:4    | Noticed a shard shrike
 96294 | Coc:4    | Killed a shard shrike
 96353 | Coc:4    | Killed a shard shrike
 96805 | Coc:6    | Noticed a shard shrike
 96806 | Coc:6    | Noticed a shard shrike
 96807 | Coc:6    | Noticed a shard shrike
 96808 | Coc:6    | Killed a shard shrike
 96808 | Coc:6    | Killed a shard shrike
 96808 | Coc:6    | Noticed a shard shrike
 96810 | Coc:6    | Killed a shard shrike
 96810 | Coc:6    | Killed a shard shrike
 96824 | Coc:6    | Noticed a shard shrike
 96835 | Coc:6    | Noticed a shard shrike
 96836 | Coc:6    | Noticed a shard shrike
 96839 | Coc:6    | Killed a shard shrike
 96840 | Coc:6    | Killed a shard shrike
 96840 | Coc:6    | Killed a shard shrike
 97156 | Coc:7    | Entered Level 7 of Cocytus
 97156 | Coc:7    | Noticed a shard shrike
 97157 | Coc:7    | Noticed a shard shrike
 97160 | Coc:7    | Killed a shard shrike
 97160 | Coc:7    | Noticed a shard shrike
 97163 | Coc:7    | Killed a shard shrike
 97169 | Coc:7    | Noticed a shard shrike
 97171 | Coc:7    | Killed a shard shrike
 97172 | Coc:7    | Killed a shard shrike
 97195 | Coc:7    | Noticed a shard shrike
 97235 | Coc:7    | Paralysed by a wendigo for 1 turns
 97245 | Coc:7    | Killed a shard shrike
 97268 | Coc:7    | Noticed a shard shrike
 97275 | Coc:7    | Killed a shard shrike
 97278 | Coc:7    | Noticed a shard shrike
 97282 | Coc:7    | Noticed a shard shrike
 97284 | Coc:7    | Killed a shard shrike
 97290 | Coc:7    | Killed a shard shrike
 97506 | Coc:7    | Noticed a shard shrike
 97508 | Coc:7    | Noticed a shard shrike
 97512 | Coc:7    | Killed a shard shrike
 97516 | Coc:7    | Killed a shard shrike
 97582 | Coc:7    | Noticed a shard shrike
 97585 | Coc:7    | Killed a shard shrike
 97819 | Coc:7    | Noticed a shard shrike
 97828 | Coc:7    | Killed a shard shrike
 97842 | Coc:7    | Noticed a shard shrike
 97851 | Coc:7    | Killed a shard shrike
 97868 | Coc:7    | Reached skill level 27 in Stealth
 97891 | Coc:7    | Paralysed by a wendigo for 1 turns
 98271 | Coc:7    | Noticed Antaeus
 98310 | Coc:7    | Killed Antaeus
 98347 | Coc:7    | Identified the staff of conjuration "Moamyd" {rF+}
 98359 | Coc:7    | Got an icy rune of Zot
 98474 | Dis:1    | Entered Level 1 of the Iron City of Dis
 99381 | Dis:5    | Found a huge runed gate.
 99382 | Dis:5    | Found a huge runed gate.
 99382 | Dis:5    | Found a huge runed gate.
 99383 | Dis:5    | Found a huge runed gate.
 99383 | Dis:5    | Found a huge runed gate.
 99383 | Dis:5    | Found a huge runed gate.
 99383 | Dis:5    | Found a huge runed gate.
 99398 | Dis:5    | Found a huge runed gate.
 99398 | Dis:5    | Found a huge runed gate.
 99398 | Dis:5    | Found a huge runed gate.
 99398 | Dis:5    | Found a huge runed gate.
 99398 | Dis:5    | Found a huge runed gate.
 99408 | Dis:5    | Found a huge runed gate.
 99408 | Dis:5    | Found a huge runed gate.
 99408 | Dis:5    | Found a huge runed gate.
 99408 | Dis:5    | Found a huge runed gate.
 99408 | Dis:5    | Found a huge runed gate.
 99409 | Dis:5    | Found a huge runed gate.
 99410 | Dis:5    | Found a huge runed gate.
 99411 | Dis:5    | Found a huge runed gate.
 99412 | Dis:5    | Found a huge runed gate.
 99413 | Dis:5    | Found a huge runed gate.
 99421 | Dis:5    | Found a huge runed gate.
 99421 | Dis:5    | Found a huge runed gate.
 99421 | Dis:5    | Found a huge runed gate.
 99421 | Dis:5    | Found a huge runed gate.
 99422 | Dis:5    | Found a huge runed gate.
 99423 | Dis:5    | Found a huge runed gate.
 99424 | Dis:5    | Found a huge runed gate.
 99425 | Dis:5    | Found a huge runed gate.
 99426 | Dis:5    | Found a huge runed gate.
 99446 | Dis:5    | Found a huge runed gate.
 99446 | Dis:5    | Found a huge runed gate.
 99446 | Dis:5    | Found a huge runed gate.
 99446 | Dis:5    | Found a huge runed gate.
 99446 | Dis:5    | Found a huge runed gate.
 99699 | Dis:6    | HP: 14/296 [something (3)]
 99700 | Dis:6    | HP: 4/296 [arc of chain lightning (4)]
 99875 | Dis:7    | Entered Level 7 of the Iron City of Dis
100441 | Dis:7    | Noticed a juggernaut
100446 | Dis:7    | Killed a juggernaut
100550 | Dis:7    | Identified the amulet "Bagiesk" {Spirit rC- rN+ Str+4
                  | Dex+2}
100550 | Dis:7    | Identified the +1 morningstar of Noyjorop {venom, Int+4}
100966 | Dis:7    | Identified the +3 dagger of the Endless Expanse {venom,
                  | rC++ Will+ Int+4 Dex-5}
101038 | Dis:7    | Noticed a juggernaut
101046 | Dis:7    | Killed a juggernaut
101149 | Dis:7    | Noticed a juggernaut
101201 | Dis:7    | Killed a juggernaut
101568 | Dis:7    | Reached skill level 27 in Dodging
101690 | Dis:7    | Noticed Dispater
101696 | Dis:7    | Identified the +9 plate armour "Alolytau" {rC++ rN+ Will+}
101706 | Dis:7    | Killed Dispater
101725 | Dis:7    | Found the +2 Maxwell's thermic engine {flame, freeze, rev}
101727 | Dis:7    | Identified Sif Muna's Papyrus of the Lethal Swarm
101732 | Dis:7    | Got an iron rune of Zot
102271 | Tar:1    | Entered Level 1 of Tartarus
102271 | Tar:1    | Noticed an ancient lich
102273 | Tar:1    | Killed an ancient lich
103701 | Tar:7    | Entered Level 7 of Tartarus
104136 | Tar:7    | Identified the ring of the Threshing Genius {rElec rN+
                  | Will- Str+9 Stlth+}
104137 | Tar:7    | Identified the Elucidation of Igneous Weather
104138 | Tar:7    | Noticed an ancient lich
104139 | Tar:7    | Identified the +0 pair of gloves "Rulehon" {rF+ Regen+
                  | Str+3 Int+3}
104140 | Tar:7    | Identified the Folio of Position
104141 | Tar:7    | Noticed an ancient lich
104144 | Tar:7    | Killed an ancient lich
104154 | Tar:7    | Killed an ancient lich
104221 | Tar:7    | Noticed the Serpent of Hell
104238 | Tar:7    | Killed the Serpent of Hell
104316 | Tar:7    | Noticed a dread lich
104323 | Tar:7    | Paralysed by a dread lich for 4 turns
104328 | Tar:7    | Killed a dread lich
104349 | Tar:7    | Identified the +1 morningstar of the Sky {speed, SInv
                  | Stlth+}
104439 | Tar:7    | Identified the Elucidation of Electric Modification
104441 | Tar:7    | Identified the staff of death "Togak" {rN+ Will- Dex+8
                  | Stlth+}
104578 | Tar:7    | Noticed an ancient lich
104592 | Tar:7    | Killed an ancient lich
104840 | Tar:7    | Noticed Ereshkigal
104894 | Tar:7    | Killed Ereshkigal
105077 | Tar:7    | Got a bone rune of Zot
105098 | Tar:7    | Identified the ring "Kinguxt" {Wiz rElec Int+6 Dex-5 SInv}
105346 | Zig:1    | Entered Level 1 of a ziggurat
105346 | Zig:1    | Noticed Jytryx the pandemonium lord
105349 | Zig:1    | Killed Jytryx the pandemonium lord
105360 | Zig:2    | Entered Level 2 of a ziggurat
105380 | Zig:3    | Entered Level 3 of a ziggurat
105423 | Zig:4    | Entered Level 4 of a ziggurat
105423 | Zig:4    | Noticed Uprec the pandemonium lord
105423 | Zig:4    | Identified the +4 chain mail of Pestox Jaeh {SInv}
105438 | Zig:4    | Killed Uprec the pandemonium lord
105477 | Zig:5    | Entered Level 5 of a ziggurat
105477 | Zig:5    | Found the +10 morningstar "Eos" {elec, Halo rElec}
105527 | Zig:6    | Entered Level 6 of a ziggurat
105529 | Zig:6    | Identified the Volume of Hoarfrost
105572 | Zig:7    | Entered Level 7 of a ziggurat
105621 | Zig:8    | Entered Level 8 of a ziggurat
105696 | Zig:9    | Entered Level 9 of a ziggurat
105702 | Zig:9    | Noticed Naomifo the pandemonium lord
105711 | Zig:9    | Killed Naomifo the pandemonium lord
105812 | Zig:10   | Entered Level 10 of a ziggurat
105817 | Zig:10   | Identified the ring "Upre" {rF- rC+ Dex+3 Slay+4 SInv}
105888 | Zig:11   | Entered Level 11 of a ziggurat
105901 | Zig:11   | Found the +18 shield of the Gong {Loud rN+ Will+ rCorr
                  | EV-5}
105902 | Zig:11   | Identified the +11 trident of Puckish Duty {holy, *Slow rN+
                  | Str-5 Int+8}
105908 | Zig:11   | Identified the +4 bardiche of Winter {freeze, rF- rCorr
                  | Dex+3}
105976 | Zig:12   | Entered Level 12 of a ziggurat
105983 | Zig:12   | Identified Sif Muna's Monograph on Frozen Conduction
105983 | Zig:12   | Identified the +5 rapier "Saleleg" {heavy, rElec Will+}
105986 | Zig:12   | Identified the +1 leather armour of Somewhere Else {+Inv
                  | rPois Stlth+}
105986 | Zig:12   | Identified the +1 dagger of Conscience {spect, Str+4}
106084 | Zig:13   | Entered Level 13 of a ziggurat
106094 | Zig:13   | Found the +7 lajatang of Order {silver, rMut}
106094 | Zig:13   | Identified the staff of fire "Yhugougo" {Contam rF+ Will+++
                  | Str-2 SInv}
106094 | Zig:13   | Identified the amulet of Lifosch {Acrobat Harm Rampage
                  | Int-4 Dex+6}
106103 | Zig:13   | Identified the +6 scimitar of Dim Light {pain, rPois Int+2}
106180 | Zig:14   | Entered Level 14 of a ziggurat
106204 | Zig:14   | Identified the +1 swamp dragon scales of Recklessness
                  | {rPois Str+4}
106204 | Zig:14   | Identified the +5 ring mail of the Vestibule of Hell {rF++}
106209 | Zig:14   | Identified the +0 ring mail of Lifelessness {rElec rC++
                  | rCorr Str-4}
106367 | Zig:15   | Entered Level 15 of a ziggurat
106453 | Zig:15   | Acquired the +1 cloak "Biuti" {Slay+5}
106468 | Zig:16   | Entered Level 16 of a ziggurat
106554 | Zig:16   | Identified the +4 rapier of Valiance {heavy, rPois Str+3}
106555 | Zig:16   | Identified the staff of conjuration "Yvut" {rElec rPois
                  | Dex-5}
106638 | Zig:17   | Entered Level 17 of a ziggurat
106674 | Zig:17   | Noticed a royal mummy
106682 | Zig:17   | Killed a royal mummy
106685 | Zig:17   | Noticed a royal mummy
106686 | Zig:17   | Noticed a royal mummy
106686 | Zig:17   | Noticed a royal mummy
106690 | Zig:17   | HP: 12/296 [royal mummy/divine providence (15)]
106694 | Zig:17   | Killed a royal mummy
106694 | Zig:17   | Killed a royal mummy
106694 | Zig:17   | Killed a royal mummy
106694 | Zig:17   | HP: 4/284 [something (10)]
106694 | Zig:17   | Killed by a royal mummy's death curse

Illustrated notes

Levels and vault maps discovered:
D:1:      lemuel_arrival_behind_the_door_large, layout_rooms
D:2:      minmay_general_purpose_star, layout_basic, basic_ecumenical_altar,
          chequers_garden, hangedman_decor_points, minmay_circle_x, uniq_terence
D:3:      layout_basic, supply_closet_lemuel
D:4:      layout_loops_ring, minmay_temple_entry_poolview,
          minmay_increasing_density, uniq_crazy_yiuf_cottage, uniq_sigmund,
          uniq_edmund
D:5:      layout_loops_ring, ebering_ghost_sewer_d, uniq_prince_ribbit1,
          uniq_menkaure
D:6:      layout_loops_cross, mainiacjoe_overflow_catwalk
D:7:      layout_basic, hangedman_abyss_or_decor_stabs,
          dreamdust_mushroom_princess, minmay_shop_damaged
D:8:      layout_basic, mainiacjoe_overflow_six_doors_small,
          nicolae_kikubaaqudgha_miasma_corner, erik_lair_island, serial_shops,
          nicolae_take_the_stairs, uniq_psyche, uniq_maurice
D:9:      layout_loops_cross, kennysheep_mini, lemuel_tele_altar,
          mainiacjoe_overflow_24_doors
D:10:     layout_loops_ring, mainiacjoe_overflow_cross_hatched,
          grunt_gozag_breadcrumbs, st_stairs_7, uniq_maggie, uniq_lodul,
          uniq_erolcha
D:11:     layout_loops_corners, minmay_orc_entry_guard_dogs, serial_undead,
          serial_undead_f, serial_undead_f, serial_undead_c, serial_undead_f,
          portal_ice_cave_demonic_guard, minmay_statues_item,
          minmay_misc_feat_ornament, serial_bayou_pond_d, minmay_misc_feat_five,
          minivault_10, grunt_ogre_cave, uniq_snorg
D:12:     layout_basic
D:13:     minmay_textured_paths, layout_gridville, grunt_vaults_entry_tiered,
          serial_shops, nicolae_shop_drivethru, gauntlet_entry_generic,
          ebering_dispersal_statue_hall
D:14:     layout_rooms, elyvilon_altar_4
D:15:     grunt_enter_depths_hoard, layout_long_grid, ebering_ghost_gozag,
          zin_angel, uniq_rupert
Temple:   zaba_magenta_temple
Lair:1:   layout_long_grid, lemuel_fruit_fields
Lair:2:   layout_layer_cave, st_stairs_11
Lair:3:   layout_loops_ring, skrybe_swamp_entry_bodies,
          minmay_snake_entry_six_corridors, minivault_23
Lair:4:   layout_loops_ring, nicolae_slime_entry_slimehenge, st_stairs_13
Lair:5:   evilmike_catoblepas_cave, layout_hall_layers, evilmike_ambush
          [evilmike_ambush_outer_basic, evilmike_ambush_inner_wall_2]
Swamp:1:  layout_falls_marsh, evilmike_swamp_ruin_house_1
Swamp:2:  gammafunk_sealed_arena, layout_falls_marsh, hangedman_swamp_ruin_wall,
          swamp_pool1, hangedman_swamp_ravenous, infiniplex_staircase_pool
Swamp:3:  nicolae_swamp_decorative_isthmus, layout_basic_swamp,
          ebering_ghost_inner_flame, serial_swamp_ruin,
          evilmike_swamp_ruin_house_6, evilmike_swamp_ruin_rubble_2,
          evilmike_swamp_ruin_house_4
Swamp:4:  nzn_swamp_witches_coven, layout_basic_swamp, swamp_pool5
Snake:1:  layout_rooms, lemuel_fruit_tree, grunt_megastairs_3
Snake:2:  layout_gridlike, nicolae_snake_gridmaze_swirls,
          hangedman_snake_sidewinding, uniq_vashnia, uniq_asterion
Snake:3:  layout_layer_cave, grunt_ministairs_12, nicolae_shop_gadgets
Snake:4:  grunt_snake_rune_pools, layout_misc_corridors, basic_altar, uniq_kirke
Slime:1:  layout_caves
Slime:2:  cheibrodos_slime_lost_civilization_8, layout_caves
Slime:3:  layout_caves, cheibrodos_slime_lost_civilization_7
Slime:4:  layout_caves
Slime:5
Orc:1:    layout_caves, basic_altar
Orc:2:    st_orc_elflike, layout_diamond_mine, chequers_guarded_unrand_ignorance
Elf:1:    eino_elf_arrival_sip, layout_geoelf_grid, serial_shops, shop,
          nicolae_shop_rolling_square, shop, shop_statue,
          portal_desolation_entry_ruin, minmay_elf_annihilation
Elf:2:    nicolae_elf_blades_splatter_lattice
          [nicolae_blade_entry_sentries_behind_glass], layout_loops_cross,
          serial_shops, bzr_entry_islet, shop, shop, shop, uniq_donald
Elf:3:    elf_hall, layout_rooms, serial_shops, nicolae_diamond_shop
Vaults:1: hangedman_vaults_trim, minmay_guarded_unrand_guard_vaults,
          vaults_standard_mumra_enter_the_diamond,
          nicolae_vaults_ring_of_whatevers, ontoclasm_vaults_ring_small,
          vaults_room_semicircle, nicolae_vaults_windows_and_doors_thing,
          nicolae_vaults_what_the_h, nicolae_vaults_octothorpe,
          layout_vaults_ring, serial_glass, serial_shops, shop
Vaults:2: lightli_enter_wizlab_magi_temple, minmay_crypt_entry_nasty_monster,
          vaults_standard_mumra_lines, nicolae_vaults_tetromino_L_1,
          vaults_mumra_hexcomb, hangedman_vaults_stitches,
          nicolae_vaults_ninety_degrees, nicolae_vaults_door_testing_chamber,
          v_misc_29, vaults_dpeg_hooks, layout_vaults_maze_snakey
Vaults:3: v_misc_3, nicolae_vaults_wrenched, v_pattern_5, hangedman_vaults_maws,
          v_rooms_2, v_misc_30, nicolae_vaults_hexular_roomagon,
          hangedman_vaults_impose, layout_vaults_omnibox
Vaults:4: vaults_mumra_minichess_inversion, hangedman_vaults_snaps, v_misc_24,
          nicolae_vaults_trapezoid_lopsided_1,
          nicolae_vaults_heart-shaped_vault, nicolae_vaults_mini_display_case,
          nicolae_vaults_closet_pinwheel_4, dpeg_vaults_monster_box,
          vaults_room_ringed_pool, layout_vaults_omnigrid, uniq_mara,
          uniq_saint_roka, uniq_xtahua
Vaults:5: serial_shops, uniq_frederick
Crypt:1:  layout_rooms, skrybe_necro_troll_2
Crypt:2:  layout_misc_corridors, basic_altar
Crypt:3:  church_of_pain_bobbens, layout_chaotic_city,
          tomb_entry_simple_bobbens, nicolae_crypt_knee_deep_in_the_dead
Tomb:1
Depths:1: layout_forbidden_donut, serial_shops, nicolae_shop_hallway_plus,
          grunt_decor_arrowhead, abyss_entry_crystal, hellmouth_2, led_xom_imps
Depths:2: gammafunk_jiyva_shrine, layout_honeycomb, rand_demon_pan_entry_1,
          pf_vacation_house_of_asmodeus, lemuel_doored_altar, abyss_entry
Depths:3: minmay_octagon_city, layout_cave_pools, pf_coc_iceberg,
          abyss_entry_small_statue_room, serial_shops, nicolae_shop_stone,
          hangedman_ru_absence
Depths:4: evilmike_zot_entry_argh, layout_gridlike, enter_ziggurat_f,
          nicolae_trove_entry_free_sample, hell_entry, minmay_hedge_maze,
          guppyfry_shop_venom, uniq_parghit, uniq_margery, uniq_jory
Hell
Dis:1:    layout_overlapping_boxes
Dis:2:    layout_gridville
Dis:3:    layout_overlapping_boxes
Dis:4:    layout_regular_city, serial_glass, glass_columns_a, glass_columns_a
Dis:5:    layout_subdivisions, not_door_vault_mu
Dis:6:    layout_overlapping_boxes
Dis:7:    dis_grunt_layers
Geh:1:    layout_gehenna_lava_caves
Geh:2:    layout_gehenna_lava_caves
Geh:3:    nicolae_hells_demon_pit, layout_gehenna_lava_caves
Geh:4:    layout_gehenna_pools_box
Geh:5:    layout_gehenna_lava_caves
Geh:6:    layout_gehenna_lava_caves
Geh:7:    geh_grunt_pentagon
Coc:1:    layout_cocytus_delve
Coc:2:    layout_ice_bergs
Coc:3:    layout_cocytus_delve
Coc:4:    layout_cocytus_water_paths
Coc:5:    layout_ice_bergs
Coc:6:    layout_ice_bergs
Coc:7:    coc_grunt_cove [coc_grunt_cove_antaeus, coc_grunt_cove_fiend,
          coc_grunt_cove_fiend, coc_grunt_cove_fiend, coc_grunt_cove_fiend]
Tar:1:    layout_grid_maze
Tar:2:    layout_grid_maze
Tar:3:    layout_grid_maze
Tar:4:    layout_catacombs
Tar:5:    layout_honeycomb
Tar:6:    layout_grid_maze
Tar:7:    tar_grunt_cathedral
Zot:1:    infiniplex_zot_generator, layout_basic, uniq_josephina
Zot:2:    nicolae_zot_stationary_front, layout_twisted_circle
Zot:3:    layout_onion_interference, hangedman_zot_decor_slant
Zot:4:    layout_misc_corridors, gammafunk_ghost_wrathful_warriors,
          grunt_ministairs_9
Zot:5:    layout_gridville, nicolae_transmutations_shop, nicolae_diode_basic
Zig:17:   ziggurat_pillar_centre_oklobs, ziggurat_pillar_centre_oklobs,
          ziggurat_pillar_centre_oklobs, ziggurat_pillar_centre_oklobs

Skill      XL: |  1  2  3  4  5  6  7  8  9 10 11 12 13 14 15 16 17 18 19 20 21 22 23 24 25 26 27 |
---------------+----------------------------------------------------------------------------------+-----
Fighting       | 1 2 3 4 5 7 9 12 14 16 18 25 | 25.0
Spellcasting   | 4 5 6 7 8 10 12 13 15 16 17 23 | 23.4
Dodging        | 3 7 9 10 14 17 27 | 27.0
Armour         | 5 8 10 12 15 24 | 24.8
Evocations     | 6 9 11 25 | 25.3
Stealth        | 7 10 11 13 27 | 27.0
Shields        | 5 6 9 10 11 14 17 19 25 | 25.2
Long Blades    | 3 6 10 12 14 16 18 25 | 25.0

Action                     |  1- 3 |  4- 6 |  7- 9 | 10-12 | 13-15 | 16-18 | 19-21 | 22-24 | 25-27 || total
---------------------------+-------+-------+-------+-------+-------+-------+-------+-------+-------++-------
  Melee: Unarmed           |     1 |       |       |       |       |       |       |       |       ||     1
         Dagger            |     2 |       |       |       |       |       |       |       |    61 ||    63
         Morningstar       |       |     7 |     9 |    75 |    32 |       |       |       |       ||   123
         Punch             |       |       |     1 |       |     2 |       |       |       |       ||     3
         Falchion          |       |       |       |       |   441 |   404 |   726 |   915 |  1146 ||  3632
         Demon blade       |       |       |       |       |       |       |       |       |  1164 ||  1164
         Scimitar          |       |       |       |       |       |       |       |       |  3123 ||  3123
         Double sword      |       |       |       |       |       |       |       |       |   551 ||   551
         Eudemon blade     |       |       |       |       |       |       |       |       |     6 ||     6
         Staff             |       |       |       |       |       |       |       |       |     1 ||     1
   Fire: Shortbow          |       |       |       |       |    14 |       |       |       |       ||    14
  Throw: Dart              |       |       |       |     1 |       |       |       |       |       ||     1
   Cast: Freeze            |    46 |    30 |       |       |       |       |       |       |       ||    76
         Sandblast         |       |    38 |    84 |   218 |   123 |    33 |    11 |     1 |    16 ||   524
         Frozen Ramparts   |       |     2 |    16 |    41 |   101 |    23 |    25 |     8 |     1 ||   217
         Momentum Strike   |       |     2 |     1 |       |       |       |       |       |       ||     3
         Ozocubu's Armour  |       |       |     5 |    20 |    40 |    11 |     8 |       |       ||    84
         Summon Ice Beast  |       |       |       |    15 |    28 |    25 |     2 |       |       ||    70
         Searing Ray       |       |       |       |     1 |     4 |       |       |       |     1 ||     6
         Borgnjor's Vile C |       |       |       |       |    75 |   260 |   180 |    94 |    94 ||   703
         Starburst         |       |       |       |       |       |    19 |     8 |       |     3 ||    30
         Statue Form       |       |       |       |       |       |     2 |    15 |    20 |   249 ||   286
         Eringya's Noxious |       |       |       |       |       |       |    54 |    70 |    67 ||   191
         Ignition          |       |       |       |       |       |       |     1 |    14 |   221 ||   236
         Swiftness         |       |       |       |       |       |       |     1 |       |       ||     1
         Chain Lightning   |       |       |       |       |       |       |       |       |   523 ||   523
         Summon Horrible T |       |       |       |       |       |       |       |       |     5 ||     5
 Invoke: Curse Item        |       |       |       |     3 |     2 |     2 |       |     2 |     5 ||    14
         Shatter the Chain |       |       |       |       |       |     1 |       |     1 |     6 ||     8
  Evoke: Wand              |       |       |       |     1 |       |     1 |       |       |    35 ||    37
         Phial of floods   |       |       |       |       |       |       |       |     1 |       ||     1
         Phantom mirror    |       |       |       |       |       |       |       |       |     1 ||     1
    Use: Scroll            |       |       |       |     1 |     1 |     2 |     2 |     2 |    47 ||    55
         Potion            |       |       |       |       |       |       |     3 |       |    24 ||    27
   Stab: Sleeping          |       |       |       |     1 |     9 |    11 |    18 |     6 |    48 ||    93
         Distracted        |       |       |       |       |       |     6 |     1 |     2 |    53 ||    62
         Confused          |       |       |       |       |       |     1 |       |       |       ||     1
         Paralysed         |       |       |       |       |       |       |       |       |     1 ||     1
 Armour: Robe              |     8 |     1 |     9 |    11 |    14 |     1 |       |       |       ||    44
         Steam dragon scal |       |       |       |    57 |   161 |       |       |       |       ||   218
         Troll leather arm |       |       |       |       |     6 |    99 |   114 |   100 |   416 ||   735
         Skin              |       |       |       |       |       |     4 |   100 |   142 |  1586 ||  1832
  Dodge: Dodged            |    28 |    41 |    29 |   235 |   949 |   553 |   692 |   831 |  5887 ||  9245
  Block: Buckler           |       |       |       |       |    67 |   230 |   289 |   385 |   482 ||  1453
         Kite shield       |       |       |       |       |       |       |       |       |  5835 ||  5835
